 Dungeon Crawl Stone Soup version 0.30-a0-142-g7370640ec8 (webtiles) character file.

Game seed: 11817246405597868719

277964 qw the Tortoise (level 20, 0/132 HPs)
             Began as a Gargoyle Fighter on Sept 26, 2022.
             Was a High Priest of Okawaru.
             Slain by a 12-headed hydra (8 damage)
             ... on level 4 of the Swamp.
             The game lasted 00:20:00 (41682 turns).

qw the Tortoise (Gargoyle Fighter)                 Turns: 41682, Time: 00:20:01

Health: 0/132      AC: 58    Str: 30      XL:     20   Next: 81%
Magic:  27/27      EV: 13    Int: 10 (11) God:    Okawaru [*****.]
Gold:   1757       SH: 26    Dex:  7      Spells: 19/19 levels left

rFire   + . .      SeeInvis +    b - +7 broad axe of Ignis's Brutal Revenge {speed, Fly Will+++ Str+3 Dex-2}
rCold   . . .      Faith    .    J - +0 tower shield
rNeg    + + .      Spirit   .    v - +1 crystal plate armour
rPois   inf        Reflect  +    k - +1 helmet
rElec   +          Harm     .    n - +0 cloak
rCorr   .          Rampage  .    F - +1 pair of gloves of the Scribe {rPois rF+ rN+}
Will    ++++.                    G - +2 pair of boots
Stlth   ..........               y - amulet of reflection
HPRegen 0.32/turn                f - +4 ring of evasion
MPRegen 0.20/turn                r - ring of see invisible

@: about to teleport, heroic, flying
A: sickness immunity, AC +15, big wings, negative energy resistance 1,
electricity resistance, torment resistance 1, petrification resistance
}: 1/15 runes: gossamer
a: Renounce Religion, Heroism, Finesse, Duel


You were on level 4 of the Swamp.
You worshipped Okawaru.
Okawaru was extremely pleased with you.
You visited 7 branches of the dungeon, and saw 35 of its levels.

You collected 4367 gold pieces.
You spent 2610 gold pieces at shops.


Innate Abilities, Weirdness & Mutations

You are immune to sickness and miasma.
Your stone body is resilient. (AC +15)
You are immune to poison.
Your large and strong wings let you fly.
You resist negative energy. (rN+)
You are resistant to electric shocks. (rElec)
You are resistant to unholy torment.
You are immune to petrification.


   Skills:
 - Level 16.3(21.3) Fighting
 - Level 18.0(23.0) Axes
 - Level 9.0(14.0) Throwing
 - Level 20.0(25.0) Armour
 - Level 5.0(10.0) Dodging
 + Level 18.7(23.7) Shields
 - Level 10.0 Invocations


You had 19 spell levels left.
You didn't know any spells.
Your spell library was empty.

Inventory:

Hand Weapons
 b - the +7 broad axe of Ignis's Brutal Revenge (weapon) {speed, Fly Will+++ Str+3 Dex-2}
   (You acquired it on level 3 of the Dungeon)

   Attacks with this weapon are significantly faster.
   Str:       It affects your strength (+3).
   Dex:       It affects your dexterity (-2).
   Fly:       It grants you flight.
   Will:      It greatly increases your willpower.
Missiles
 u - 30 boomerangs
 C - a javelin
 K - 5 silver javelins (quivered)
Armour
 c - the +0 hat of Indomitability {rC- Will+ rCorr SInv}
   (You acquired it on level 2 of the Lair of Beasts)

   rC:        It makes you vulnerable to cold.
   SInv:      It lets you see invisible.
   rCorr:     It protects you from acid and corrosion.
   Will:      It increases your willpower.
 k - a +1 helmet (worn)
 n - a +0 cloak (worn)
 t - a +2 pair of gloves
 v - a +1 crystal plate armour (worn)
 w - a +1 plate armour of cold resistance
 A - +0 acid dragon scales
 F - the +1 pair of gloves of the Scribe (worn) {rPois rF+ rN+}
   (Okawaru gifted it to you on level 2 of the Vaults)

   rF:        It protects you from fire.
   rPois:     It protects you from poison.
   rN:        It protects you from negative energy.
 G - a +2 pair of boots (worn)
 J - a +0 tower shield (worn)
Jewellery
 f - a +4 ring of evasion (left hand)
 g - a ring of resist corrosion
 r - a ring of see invisible (right hand)
 y - an amulet of reflection (around neck)
 z - a ring of ice
 H - a +6 ring of strength
 I - a ring of ice
Scrolls
 a - 9 scrolls of teleportation
 e - 8 scrolls of identify
 m - a scroll of brand weapon
 D - 2 scrolls of enchant weapon
Potions
 d - 8 potions of might
 h - 3 potions of lignification
 i - 7 potions of curing
 j - 8 potions of heal wounds
 l - a potion of cancellation
 o - 6 potions of resistance
 q - 7 potions of attraction
 s - 7 potions of mutation
 B - 4 potions of magic
 E - 2 potions of haste

Dungeon Overview and Level Annotations

Branches:
Dungeon (15/15)            Temple (1/1) D:5            Lair (5/5) D:9
  Swamp (4/4) Lair:2       Spider (4/4) Lair:2        Slime (0/5) Lair:5
    Orc (2/2) D:11            Elf (0/3) Orc:2        Vaults (4/5) D:14
  Crypt (0/3) Vaults:2     Depths (0/4) D:15

Altars:
Ashenzari
Cheibriados
Dithmenos
Elyvilon
Fedhas
Gozag
Hepliaklqana
Kikubaaqudgha
Makhleb
Nemelex Xobeh
Okawaru
Qazlal
Ru
Sif Muna
Trog
Uskayaw
Vehumet
Wu Jian
Xom
Yredelemnul
Zin
The Shining One
Jiyva

Shops:
D:1 !   D:11 [   D:13 (   Orc:1 !:*(:   Orc:2 *=([(   Vaults:3 (

Annotations:
D:4 3 runed translucent doors, qw's ghost, amateur GrFi
D:7 1 runed translucent door, Crazy Yiuf
Swamp:2 3 runed translucent doors, suomimenusko's ghost, adept NaFi
Spider:4 3 runed translucent doors, qw's ghost, adept GrFi


Message History

The ten-headed hydra closely misses you.
The ten-headed hydra bites you.
You chop the swamp dragon into pieces!!!
You kill the swamp dragon!
Okawaru accepts your kill.
You barely miss the 11-headed hydra.
You hack one of the ten-headed hydra's heads off!
The nine-headed hydra grows two more!
You slice the 11-headed hydra!!
You lop one of the 11-headed hydra's heads off!
The ten-headed hydra grows two more!
You slash the 12-headed hydra!
The 12-headed hydra is moderately wounded.
You completely miss the 11-headed hydra.
The bog body casts a spell at you. The bolt of cold hits you!!
The 12-headed hydra bites you but does no damage.
You block the 12-headed hydra's attack. x3; The 12-headed hydra bites you. x2
The 12-headed hydra bites you but does no damage.
The 12-headed hydra completely misses you.
You block the 12-headed hydra's attack. The 12-headed hydra misses you.
The 12-headed hydra bites you!
The 12-headed hydra bites you but does no damage.
You block the 11-headed hydra's attack. x2
The 11-headed hydra bites you but does no damage.
The 11-headed hydra completely misses you.
You block the 11-headed hydra's attack. x2; The 11-headed hydra bites you.
The 11-headed hydra barely misses you. x2
The 11-headed hydra bites you but does no damage.
The 11-headed hydra closely misses you.
41682 ||| READING 10 scrolls of teleportation.
As you read the scroll of teleportation, it crumbles to dust.
You feel strangely unstable.
You block the 11-headed hydra's attack. x2
The 11-headed hydra bites you but does no damage. x2
You block the 11-headed hydra's attack. The 11-headed hydra closely misses you.
You block the 11-headed hydra's attack. The 11-headed hydra barely misses you.
The 11-headed hydra bites you but does no damage. x3
The 12-headed hydra completely misses you. x2
You block the 12-headed hydra's attack. The 12-headed hydra bites you.
The 12-headed hydra bites you!
You die...

#####
##..!## .
#....[# ...
#..?..#
#P...#.DD..#
#..8.n.@..#
##.~.#'####
#.P ... #
~.(.8
.......
#}.~...
###.#..
~..#.


You could see a 12-headed hydra, a 11-headed hydra and a bog body.

Vanquished Creatures
  the Lernaean hydra (Swamp:4)
  Bai Suzhen (Swamp:3)
  Jorgrun (Orc:1)
  A lich (Vaults:2)
  2 sphinxes (Vaults:2)
  Agnes (Spider:2)
  Roxanne (Spider:2)
  8 vault wardens
  A ghost moth (Spider:1)
  A deep elf sorcerer (Vaults:3)
  A ghoul (Swamp:2)
  7 emperor scorpions
  A war gargoyle (Vaults:2)
  Aizul (Spider:2)
  A stone giant (Vaults:2)
  3 very ugly things (Vaults:4)
  6 orc warlords
  12 ironbound preservers
  3 broodmothers
  A caustic shrike skeleton (D:15)
  3 ironbound thunderhulks
  3 eleionomae
  4 bunyips
  13 dire elephants
  Azrael (Orc:2)
  3 spark wasps
  A fire dragon (D:14)
  6 yaktaur captains
  4 crystal guardians
  Josephine (Orc:1)
  5 great orbs of eyes
  6 entropy weavers
  A shambling mangrove (Swamp:2)
  A deep elf high priest (Vaults:3)
  Fannar (D:10)
  A catoblepas (Lair:5)
  15 vault guards
  17 hydras
  3 radroaches
  Erica (D:8)
  3 peacekeepers
  6 ironbound frosthearts
  13 centaur warriors
  A jorogumo (Spider:2)
  An ogre mage (D:15)
  13 boulder beetles
  2 ghost crabs
  5 two-headed ogres
  5 alligators
  5 death yaks
  A hell knight (Vaults:2)
  3 orc high priests (Orc:2)
  A deep elf knight (Vaults:3)
  Amaemon (D:8)
  A spriggan druid (Swamp:3)
  A sun moth (Spider:4)
  7 skeletal warriors
  Lodul (D:12)
  11 steelbarb worms
  7 pharaoh ants
  36 deep trolls
  2 goliath frogs
  14 harpies
  5 orb spiders
  10 wizards
  8 bog bodies
  2 glowing orange brains
  4 swamp dragons (Swamp:4)
  Pikel (D:5)
  7 lindwurms
  15 orc knights
  14 ironbound convokers
  2 deep elf zephyrmancers
  A necromancer (D:15)
  A tengu skeleton (Vaults:2)
  A phantasmal warrior (D:15)
  4 deep elf pyromancers
  26 ugly things
  An orc sorcerer (Orc:2)
  A sphinx skeleton (D:15)
  19 wolf spiders
  3 elephants (Lair:5)
  A will-o-the-wisp (Swamp:2)
  A stone giant skeleton (Vaults:2)
  9 cyclopes
  Maurice (D:9)
  2 black mambas
  2 moths of wrath
  A frost giant skeleton (Vaults:2)
  12 vault sentinels
  Joseph (D:7)
  6 torpor snails
  An orange demon (D:8)
  A gargoyle (D:12)
  14 cane toads
  12 demonic crawlers
  An unseen horror (D:12)
  6 komodo dragons
  Maggie (Lair:1)
  A freezing wraith (D:14)
  3 kobold demonologists (D:11)
  2 yaktaur skeletons (Vaults:2)
  20 yaktaurs
  A queen bee (D:10)
  7 trolls
  5 meliai
  5 polar bears
  7 tyrant leeches
  14 tarantellas
  11 blink frogs
  25 slime creatures
  9 hornets
  Grinder (D:5)
  17 dream sheep
  27 culicivoras
  19 jumping spiders
  4 shadows
  A wyvern (Lair:5)
  A centaur simulacrum (D:15)
  An ettin skeleton (Vaults:2)
  9 wraiths
  A vampire (D:12)
  A fire elemental (Orc:2)
  40 yaks
  18 spriggans
  Grum (D:8)
  6 vampire mosquitoes (Swamp:3)
  54 redbacks
  10 basilisks
  Menkaure (D:5)
  A steam dragon (D:7)
  2 elf skeletons (Vaults:2)
  A warg (Orc:2)
  A glowing shapeshifter zombie (D:15)
  16 swamp worms
  17 water moccasins
  4 hell hounds (Orc:2)
  Duvessa (D:5)
  28 orc warriors
  2 glowing shapeshifter skeletons
  A human simulacrum (Vaults:4)
  2 sky beasts (D:8)
  4 black bears
  5 swamp drakes (Swamp:4)
  18 ogres
  2 ice beasts
  2 centaurs
  34 wolves
  11 boggarts
  4 human skeletons (Vaults:2)
  2 lemures (D:5)
  6 kobold brigands
  3 phantoms
  Blork the orc (D:4)
  2 bullfrogs
  3 necrophages
  2 gnoll sergeants
  2 scorpions
  Dowan (D:5)
  22 killer bees
  6 electric eels
  6 howler monkeys
  3 jellies
  5 hounds
  17 orc priests
  A gnoll bouda (D:7)
  An iron imp (D:8)
  3 iguanas (D:5)
  Natasha (D:2)
  15 orc wizards
  A mummy (D:5)
  16 gnolls
  8 adders
  A shadow imp (D:5)
  3 white imps
  3 ufetubi
  3 worms
  2 dart slugs (D:2)
  69 orcs
  3 bats
  5 endoplasms
  A giant cockroach (D:1)
  7 goblins
  5 hobgoblins
  5 quokkas
  5 ball pythons
  4 frilled lizards
  A goblin zombie (D:8)
  3 hobgoblin zombies (D:8)
  24 kobolds
  A kobold skeleton (D:8)
  2 orc skeletons (D:8)
  3 orc zombies (D:8)
  9 rats
1245 creatures vanquished.

Vanquished Creatures (others)
  2 hydras (Swamp:4)
  A wizard (Vaults:3)
  3 bloated husks
  A tyrant leech (Swamp:3)
  6 foxfires (Swamp:2)
  33 fungi
  31 plants
  2 withered plants (D:15)
79 creatures vanquished.

Grand Total: 1324 creatures vanquished

Notes
Turn   | Place    | Note
-------+----------+-------------------------------------------
     0 | D:1      | qw the Gargoyle Fighter began the quest for the Orb.
     0 | D:1      | Reached XP level 1. HP: 14/14 MP: 1/1
     0 | D:1      | 0 ||| qw: Version: 0.2-a-10-g399e6c4
     0 | D:1      | 0 ||| qw: Game counter: 480
     0 | D:1      | 0 ||| qw: Always use a shield: true
     0 | D:1      | 0 ||| qw: God list: Okawaru
     0 | D:1      | 0 ||| qw: Allow faded altars: false
     0 | D:1      | 0 ||| qw: Do Orc after D:15 true
     0 | D:1      | 0 ||| qw: Do second Lair branch before Depths: true
     0 | D:1      | 0 ||| qw: Lair rune preference: random
     0 | D:1      | 0 ||| qw: Plans: Normal, Zot:1-4, God:TSO, Crypt, Tomb,
                  | Pan, Slime:5, Hells, Abyss, Orb
     0 | D:1      | 0 ||| PLANNING D:1-11
    23 | D:1      | Found a faded altar of an unknown god.
   340 | D:1      | Reached XP level 2. HP: 19/19 MP: 2/2
   556 | D:1      | Found Fosh's Distillery.
   572 | D:1      | 572 ||| BUYING 2 potions of curing (60 gold).
   572 | D:1      | Bought 2 potions of curing for 60 gold pieces
   572 | D:1      | 572 ||| SHOPLISTING potion of curing (30 gold, have 18).
   572 | D:1      | 572 ||| SHOPLISTING potion of might (40 gold, have 18).
   572 | D:1      | 572 ||| SHOPLISTING potion of mutation (80 gold, have 18).
  1172 | D:1      | 1172 ||| UPGRADING to +4 ring of evasion.
  1173 | D:1      | 1173 ||| READING 2 scrolls labelled LIOT KUFEINE.
  1177 | D:1      | 1177 ||| READING scroll labelled TUIJETR KEKAEZ.
  1229 | D:2      | Reached skill level 3 in Axes
  1229 | D:2      | 1229 ||| Stepping ~*~*~tactically~*~*~ (stealth).
  1230 | D:2      | 1230 ||| Stepping ~*~*~tactically~*~*~ (stealth).
  1271 | D:2      | Reached XP level 3. HP: 23/23 MP: 3/3
  1314 | D:2      | Reached skill level 1 in Throwing
  1469 | D:2      | 1469 ||| Stepping ~*~*~tactically~*~*~ (stealth).
  1470 | D:2      | 1470 ||| Stepping ~*~*~tactically~*~*~ (stealth).
  1472 | D:2      | 1472 ||| Stepping ~*~*~tactically~*~*~ (stealth).
  1478 | D:2      | 1478 ||| Stepping ~*~*~tactically~*~*~ (stealth).
  1629 | D:2      | 1629 ||| Stepping ~*~*~tactically~*~*~ (hiding).
  1825 | D:2      | Noticed Natasha
  1829 | D:2      | Killed Natasha
  1830 | D:2      | Reached XP level 4. HP: 28/28 MP: 4/4
  1936 | D:2      | 1936 ||| UPGRADING to +0 helmet.
  1941 | D:2      | 1941 ||| READING scroll labelled QIAHUJ CUVVOEWKAL.
  2301 | D:3      | Found a basalt altar of Yredelemnul.
  2301 | D:3      | Found a bloodstained altar of Trog.
  2679 | D:3      | 2679 ||| DROPPING +0 club.
  2930 | D:3      | 2930 ||| UPGRADING to +0 chain mail.
  2940 | D:3      | 2940 ||| DROPPING +0 scale mail.
  2941 | D:3      | 2941 ||| UPGRADING to amulet of the acrobat.
  2946 | D:3      | 2946 ||| READING scroll labelled QUIGHY ZEIFISCH.
  2947 | D:3      | 2947 ||| READING scroll labelled YMUETA EKOHEYPP.
  3048 | D:3      | 3048 ||| READING scroll labelled DEBUUPH LO MUSM.
  3048 | D:3      | Identified a scroll of acquirement
  3048 | D:3      | 3048 ||| ACQUIRING +7 broad axe of Ignis's Brutal Revenge
                  | {speed, Fly Will+++ Str+3 Dex-2}
  3048 | D:3      | Acquired the +7 broad axe of Ignis's Brutal Revenge {speed,
                  | Fly Will+++ Str+3 Dex-2}
  3050 | D:3      | 3050 ||| SWAPPING to +7 broad axe of Ignis's Brutal Revenge
                  | {speed, Fly Will+++ Str+3 Dex-2}.
  3051 | D:3      | 3051 ||| DROPPING +0 war axe of freezing.
  3052 | D:3      | 3052 ||| READING scroll labelled DUBUNU AFAWKO.
  3103 | D:3      | 3103 ||| DRINKING 3 clear potions.
  3104 | D:3      | 3104 ||| DRINKING 3 yellow potions.
  3105 | D:3      | 3105 ||| DROPPING 2 potions of magic.
  3187 | D:4      | Reached XP level 5. HP: 32/32 MP: 5/5
  3208 | D:4      | Found a runed translucent gate.
  3208 | D:4      | Found a runed translucent gate.
  3211 | D:4      | Found a runed translucent gate.
  3214 | D:4      | Noticed qw's ghost (amateur GrFi)
  3237 | D:4      | 3237 ||| Stepping ~*~*~tactically~*~*~ (stealth).
  3262 | D:4      | 3262 ||| DROPPING +0 whip.
  3263 | D:4      | 3263 ||| Stepping ~*~*~tactically~*~*~ (stealth).
  3266 | D:4      | 3266 ||| Stepping ~*~*~tactically~*~*~ (stealth).
  3333 | D:4      | Noticed a phantom
  3339 | D:4      | Killed a phantom
  3364 | D:4      | Noticed Blork the orc
  3365 | D:4      | 3365 ||| Stepping ~*~*~tactically~*~*~ (hiding).
  3372 | D:4      | Killed Blork the orc
  3373 | D:4      | Reached XP level 6. HP: 38/38 MP: 6/6
  3807 | D:4      | 3807 ||| UPGRADING to +0 pair of gloves.
  3812 | D:4      | 3812 ||| READING 3 scrolls labelled KYUKHL MIATULI.
  3813 | D:4      | 3813 ||| READING scroll labelled MULUBI WEMUPN.
  3814 | D:4      | 3814 ||| READING scroll labelled NETULA PUISMUM.
  3815 | D:4      | 3815 ||| DRINKING 2 glowing purple potions.
  3816 | D:4      | 3816 ||| READING 4 scrolls of identify.
  3816 | D:4      | 3816 ||| IDENTIFYING fizzy red potion
  3817 | D:4      | 3817 ||| READING 3 scrolls of identify.
  3817 | D:4      | 3817 ||| IDENTIFYING coppery potion
  3818 | D:4      | 3818 ||| READING 2 scrolls of identify.
  3818 | D:4      | 3818 ||| IDENTIFYING orange potion
  3819 | D:4      | 3819 ||| DROPPING 2 scrolls of immolation.
  3820 | D:4      | 3820 ||| DROPPING potion of degeneration.
  3844 | D:5      | Entered Level 5 of the Dungeon
  3869 | D:5      | Noticed Pikel
  3870 | D:5      | Noticed Menkaure
  3871 | D:5      | 3871 ||| Stepping ~*~*~tactically~*~*~ (stealth).
  3892 | D:5      | Killed Pikel
  3893 | D:5      | Reached XP level 7. HP: 33/43 MP: 7/7
  3920 | D:5      | 3920 ||| Stepping ~*~*~tactically~*~*~ (stealth).
  3979 | D:5      | Noticed Duvessa
  3993 | D:5      | Killed Duvessa
  3994 | D:5      | Reached XP level 8. HP: 23/49 MP: 8/8
  4004 | D:5      | Noticed Dowan
  4005 | D:5      | 4005 ||| Stepping ~*~*~tactically~*~*~ (stealth).
  4011 | D:5      | Killed Dowan
  4012 | D:5      | Reached skill level 1 in Dodging
  4059 | D:5      | 4059 ||| FLEEEEING.
  4060 | D:5      | 4060 ||| FLEEEEING.
  4117 | D:5      | 4117 ||| FLEEEEING.
  4121 | D:5      | 4121 ||| STAIRDANCE
  4239 | D:5      | Found a radiant altar of Vehumet.
  4353 | D:5      | Noticed Grinder
  4355 | D:5      | 4355 ||| Stepping ~*~*~tactically~*~*~ (hiding).
  4368 | D:5      | 4368 ||| Stepping ~*~*~tactically~*~*~ (hiding).
  4372 | D:5      | 4372 ||| Stepping ~*~*~tactically~*~*~ (hiding).
  4379 | D:5      | 4379 ||| Stepping ~*~*~tactically~*~*~ (hiding).
  4387 | D:5      | Killed Grinder
  4388 | D:5      | Reached skill level 4 in Armour
  4553 | D:5      | 4553 ||| FLEEEEING.
  4554 | D:5      | 4554 ||| FLEEEEING.
  4555 | D:5      | 4555 ||| FLEEEEING.
  4556 | D:5      | 4556 ||| Stepping ~*~*~tactically~*~*~ (hiding).
  4561 | D:5      | Killed Menkaure
  4562 | D:5      | Reached skill level 6 in Fighting
  4628 | D:5      | Found a white marble altar of Elyvilon.
  4651 | D:5      | Found a snail-covered altar of Cheibriados.
  4863 | D:5      | Found a staircase to the Ecumenical Temple.
  4864 | D:5      | 4864 ||| PLANNING TEMPLE
  4864 | D:5      | 4864 ||| READING 3 scrolls of identify.
  4864 | D:5      | 4864 ||| IDENTIFYING green potion
  4865 | D:5      | 4865 ||| READING 2 scrolls of identify.
  4865 | D:5      | 4865 ||| IDENTIFYING amethyst potion
  4866 | D:5      | 4866 ||| DROPPING potion of flight.
  4875 | Temple   | Entered the Ecumenical Temple
  5002 | Temple   | 5002 ||| PLANNING OKAWARU WORSHIP
  5418 | Temple   | Became a worshipper of Warmaster Okawaru
  5419 | Temple   | 5419 ||| PLANNING D:1-11
  5571 | D:6      | Reached XP level 9. HP: 56/56 MP: 9/9
  5611 | D:6      | Reached skill level 9 in Axes
  5767 | D:6      | Found a blossoming altar of Fedhas.
  5798 | D:6      | Noticed a troll
  5808 | D:6      | Killed a troll
  5808 | D:6      | Reached * piety under Okawaru
  5986 | D:6      | 5986 ||| UPGRADING to ring of see invisible.
  5987 | D:6      | 5987 ||| READING 2 scrolls of identify.
  5987 | D:6      | 5987 ||| IDENTIFYING puce potion
  6017 | D:7      | Reached skill level 5 in Armour
  6017 | D:7      | Reached skill level 1 in Invocations
  6035 | D:7      | 6035 ||| INVOKING Heroism.
  6049 | D:7      | Reached skill level 3 in Invocations
  6074 | D:7      | 6074 ||| DROPPING +0 flail.
  6129 | D:7      | 6129 ||| INVOKING Heroism.
  6260 | D:7      | Found a runed translucent door.
  6261 | D:7      | Noticed Crazy Yiuf
  6289 | D:7      | 6289 ||| INVOKING Heroism.
  6514 | D:7      | 6514 ||| UPGRADING to +0 plate armour.
  6524 | D:7      | 6524 ||| DROPPING +0 chain mail.
  6525 | D:7      | 6525 ||| UPGRADING to +0 pair of boots.
  6530 | D:7      | 6530 ||| DROPPING amulet of faith.
  6561 | D:8      | 6561 ||| Stepping ~*~*~tactically~*~*~ (stealth).
  6562 | D:8      | 6562 ||| INVOKING Heroism.
  6562 | D:8      | Noticed Joseph
  6563 | D:8      | 6563 ||| Stepping ~*~*~tactically~*~*~ (hiding).
  6564 | D:8      | 6564 ||| Stepping ~*~*~tactically~*~*~ (hiding).
  6571 | D:8      | 6571 ||| STAIRDANCE
  6582 | D:7      | Killed Joseph
  6582 | D:7      | Reached ** piety under Okawaru
  6583 | D:7      | Reached skill level 6 in Armour
  6583 | D:7      | Reached XP level 10. HP: 39/63 MP: 13/13
  6755 | D:8      | 6755 ||| STAIRDANCE
  6818 | D:8      | 6818 ||| INVOKING Heroism.
  6861 | D:8      | Noticed Erica
  6862 | D:8      | 6862 ||| INVOKING Heroism.
  6875 | D:8      | Killed Erica
  7038 | D:8      | Found a glowing golden altar of the Shining One.
  7039 | D:8      | 7039 ||| INVOKING Heroism.
  7061 | D:8      | 7061 ||| Stepping ~*~*~tactically~*~*~ (stealth).
  7348 | D:8      | 7348 ||| INVOKING Heroism.
  7432 | D:8      | Found a burning altar of Makhleb.
  7490 | D:8      | Noticed Amaemon
  7491 | D:8      | 7491 ||| INVOKING Heroism.
  7492 | D:8      | Noticed an orange demon
  7506 | D:8      | Killed Amaemon
  7507 | D:8      | Reached skill level 7 in Armour
  7517 | D:8      | Killed an orange demon
  7560 | D:8      | 7560 ||| DROPPING +1 flail of draining.
  7685 | D:8      | 7685 ||| INVOKING Heroism.
  7797 | D:8      | Noticed Grum
  7798 | D:8      | 7798 ||| INVOKING Heroism.
  7809 | D:8      | Reached *** piety under Okawaru
  7814 | D:8      | Killed Grum
  7815 | D:8      | Reached skill level 3 in Throwing
  8063 | D:8      | 8063 ||| READING scroll labelled FALIXE MORIH.
  8105 | D:9      | 8105 ||| INVOKING Heroism.
  8109 | D:9      | 8109 ||| STAIRDANCE
  8149 | D:9      | 8149 ||| STAIRDANCE
  8151 | D:8      | 8151 ||| INVOKING Heroism.
  8300 | D:9      | 8300 ||| STAIRDANCE
  8306 | D:8      | 8306 ||| INVOKING Heroism.
  8431 | D:9      | 8431 ||| STAIRDANCE
  8437 | D:8      | Reached XP level 11. HP: 65/68 MP: 14/14
  8450 | D:9      | 8450 ||| STAIRDANCE
  8480 | D:9      | 8480 ||| STAIRDANCE
  8503 | D:9      | 8503 ||| STAIRDANCE
  8551 | D:9      | 8551 ||| INVOKING Heroism.
  8587 | D:9      | 8587 ||| INVOKING Heroism.
  8589 | D:9      | Reached skill level 8 in Armour
  8628 | D:9      | 8628 ||| INVOKING Heroism.
  8630 | D:9      | Found a staircase to the Lair.
  8713 | D:9      | 8713 ||| INVOKING Heroism.
  8749 | D:9      | Noticed Maurice
  8761 | D:9      | Killed Maurice
  8762 | D:9      | Reached skill level 9 in Fighting
  8769 | D:9      | 8769 ||| Stepping ~*~*~tactically~*~*~ (stealth).
  8772 | D:9      | 8772 ||| INVOKING Heroism.
  8827 | D:9      | 8827 ||| INVOKING Heroism.
  8836 | D:9      | Reached **** piety under Okawaru
  8866 | D:9      | 8866 ||| FLEEEEING.
  8867 | D:9      | 8867 ||| FLEEEEING.
  8868 | D:9      | 8868 ||| FLEEEEING.
  8871 | D:9      | 8871 ||| FLEEEEING.
  8875 | D:9      | 8875 ||| FLEEEEING.
  8876 | D:9      | 8876 ||| FLEEEEING.
  8881 | D:9      | 8881 ||| INVOKING Heroism.
  9328 | D:9      | 9328 ||| PLANNING LAIR
  9328 | D:9      | 9328 ||| UPGRADING to +0 cloak.
  9333 | D:9      | 9333 ||| READING scroll labelled KAUD ZAVVASMU.
  9334 | D:9      | 9334 ||| READING scroll labelled SYFEWY HARHOAT.
  9335 | D:9      | 9335 ||| READING 2 scrolls of identify.
  9335 | D:9      | 9335 ||| IDENTIFYING metallic clear potion
  9336 | D:9      | 9336 ||| DROPPING potion of ambrosia.
  9363 | Lair:1   | Entered Level 1 of the Lair of Beasts
  9389 | Lair:1   | 9389 ||| Stepping ~*~*~tactically~*~*~ (hiding).
  9390 | Lair:1   | 9390 ||| Stepping ~*~*~tactically~*~*~ (hiding).
  9406 | Lair:1   | Received a gift from Okawaru
  9469 | Lair:1   | Identified the +0 kite shield "Iroyxainoroo" {Int+3 Dex+5}
  9476 | Lair:1   | 9476 ||| INVOKING Heroism.
  9509 | Lair:1   | 9509 ||| INVOKING Heroism.
  9639 | Lair:1   | Noticed Maggie
  9648 | Lair:1   | Killed Maggie
  9786 | Lair:1   | 9786 ||| INVOKING Heroism.
 10033 | Lair:1   | 10033 ||| UPGRADING to +0 kite shield "Iroyxainoroo" {Int+3
                  | Dex+5}.
 10043 | Lair:1   | 10043 ||| DROPPING +0 buckler.
 10067 | Lair:2   | 10067 ||| Stepping ~*~*~tactically~*~*~ (hiding).
 10147 | Lair:2   | Reached skill level 6 in Invocations
 10171 | Lair:2   | Found a frozen archway.
 10200 | Lair:2   | 10200 ||| Stepping ~*~*~tactically~*~*~ (stealth).
 10202 | Lair:2   | 10202 ||| INVOKING Heroism.
 10229 | Lair:2   | 10229 ||| READING scroll of acquirement.
 10229 | Lair:2   | 10229 ||| ACQUIRING +0 hat of Indomitability {rC- Will+
                  | rCorr SInv}
 10229 | Lair:2   | Acquired the +0 hat of Indomitability {rC- Will+ rCorr
                  | SInv}
 10279 | Lair:2   | 10279 ||| Stepping ~*~*~tactically~*~*~ (hiding).
 10288 | Lair:2   | Received a gift from Okawaru
 10316 | Lair:2   | 10316 ||| Stepping ~*~*~tactically~*~*~ (hiding).
 10384 | Lair:2   | Found a hole to the Spider Nest.
 10393 | Lair:2   | 10393 ||| INVOKING Heroism.
 10400 | Lair:2   | Reached skill level 6 in Shields
 10431 | Lair:2   | Reached ***** piety under Okawaru
 10492 | Lair:2   | 10492 ||| Stepping ~*~*~tactically~*~*~ (hiding).
 10494 | Lair:2   | 10494 ||| Stepping ~*~*~tactically~*~*~ (hiding).
 10495 | Lair:2   | 10495 ||| INVOKING Heroism.
 10516 | Lair:2   | 10516 ||| Stepping ~*~*~tactically~*~*~ (stealth).
 10518 | Lair:2   | 10518 ||| Stepping ~*~*~tactically~*~*~ (stealth).
 10634 | Lair:2   | 10634 ||| Stepping ~*~*~tactically~*~*~ (stealth).
 10638 | Lair:2   | 10638 ||| INVOKING Heroism.
 10717 | Lair:2   | 10717 ||| INVOKING Heroism.
 10724 | Lair:2   | Reached XP level 12. HP: 75/76 MP: 14/17
 10740 | Lair:2   | Found a staircase to the Swamp.
 10780 | Lair:2   | 10780 ||| Stepping ~*~*~tactically~*~*~ (stealth).
 10783 | Lair:2   | 10783 ||| INVOKING Heroism.
 10833 | Lair:2   | 10833 ||| INVOKING Heroism.
 10853 | Lair:2   | 10853 ||| INVOKING Heroism.
 11264 | Lair:3   | 11264 ||| INVOKING Heroism.
 11329 | Lair:3   | 11329 ||| INVOKING Heroism.
 11332 | Lair:3   | Received a gift from Okawaru
 11340 | Lair:3   | Reached skill level 9 in Invocations
 11341 | Lair:3   | Noticed a seven-headed hydra
 11342 | Lair:3   | 11342 ||| INVOKING Finesse.
 11345 | Lair:3   | Reached skill level 9 in Shields
 11352 | Lair:3   | 11352 ||| SWAPPING to -1 demon whip of venom.
 11358 | Lair:3   | 11358 ||| Stepping ~*~*~tactically~*~*~ (outnumbered).
 11372 | Lair:3   | Killed a seven-headed hydra
 11373 | Lair:3   | 11373 ||| SWAPPING to +7 broad axe of Ignis's Brutal
                  | Revenge {speed, Fly Will+++ Str+3 Dex-2}.
 11888 | Lair:3   | 11888 ||| READING scroll labelled MAEWER APLA.
 11889 | Lair:3   | 11889 ||| READING 3 scrolls of identify.
 11889 | Lair:3   | 11889 ||| IDENTIFYING smoky coppery potion
 11890 | Lair:3   | 11890 ||| READING 2 scrolls of identify.
 11890 | Lair:3   | 11890 ||| IDENTIFYING murky white potion
 11891 | Lair:3   | 11891 ||| DROPPING potion of invisibility.
 11892 | Lair:3   | 11892 ||| DROPPING potion of berserk rage.
 11948 | Lair:4   | 11948 ||| DROPPING -1 demon whip of venom.
 11977 | Lair:4   | 11977 ||| INVOKING Heroism.
 11983 | Lair:4   | Identified the +1 robe of Okawaru's Respect {*Slow rN+
                  | Int+2 SInv} (Okawaru gifted it to you on level 4 of the
                  | Lair of Beasts)
 11983 | Lair:4   | Received a gift from Okawaru
 12194 | Lair:4   | 12194 ||| INVOKING Heroism.
 12202 | Lair:4   | Reached skill level 9 in Armour
 12282 | Lair:4   | Reached XP level 13. HP: 70/80 MP: 20/20
 12285 | Lair:4   | 12285 ||| INVOKING Heroism.
 12541 | Lair:4   | Reached skill level 12 in Axes
 12930 | Lair:4   | 12930 ||| READING scroll labelled HIP MYXKEPOYG.
 12939 | Lair:5   | Entered Level 5 of the Lair of Beasts
 12940 | Lair:5   | 12940 ||| INVOKING Heroism.
 12941 | Lair:5   | 12941 ||| INVOKING Finesse.
 12945 | Lair:5   | 12945 ||| STAIRDANCE
 12995 | Lair:5   | 12995 ||| STAIRDANCE
 12997 | Lair:4   | 12997 ||| INVOKING Finesse.
 12998 | Lair:4   | 12998 ||| INVOKING Heroism.
 13118 | Lair:5   | 13118 ||| INVOKING Heroism.
 13119 | Lair:5   | 13119 ||| INVOKING Finesse.
 13284 | Lair:5   | 13284 ||| INVOKING Heroism.
 13285 | Lair:5   | 13285 ||| INVOKING Finesse.
 13347 | Lair:5   | 13347 ||| Stepping ~*~*~tactically~*~*~ (stealth).
 13348 | Lair:5   | 13348 ||| INVOKING Heroism.
 13349 | Lair:5   | 13349 ||| INVOKING Finesse.
 13351 | Lair:5   | 13351 ||| SWAPPING to +1 demon whip of venom.
 13362 | Lair:5   | Reached skill level 3 in Dodging
 13362 | Lair:5   | 13362 ||| SWAPPING to +7 broad axe of Ignis's Brutal
                  | Revenge {speed, Fly Will+++ Str+3 Dex-2}.
 13364 | Lair:5   | 13364 ||| Stepping ~*~*~tactically~*~*~ (stealth).
 13367 | Lair:5   | 13367 ||| Stepping ~*~*~tactically~*~*~ (stealth).
 13417 | Lair:5   | 13417 ||| Stepping ~*~*~tactically~*~*~ (stealth).
 13434 | Lair:5   | 13434 ||| INVOKING Heroism.
 13688 | Lair:5   | Found an ornate altar of the Wu Jian Council.
 13688 | Lair:5   | Found a hide-covered altar of Uskayaw.
 13689 | Lair:5   | 13689 ||| INVOKING Heroism.
 13690 | Lair:5   | 13690 ||| INVOKING Finesse.
 13779 | Lair:5   | Found a viscous altar of Jiyva.
 13779 | Lair:5   | Found a staircase to the Slime Pits.
 13784 | Lair:5   | 13784 ||| INVOKING Heroism.
 13791 | Lair:5   | 13791 ||| Stepping ~*~*~tactically~*~*~ (stealth).
 13862 | Lair:5   | 13862 ||| INVOKING Heroism.
 13868 | Lair:5   | 13868 ||| SWAPPING to +1 demon whip of venom.
 13881 | Lair:5   | 13881 ||| SWAPPING to +7 broad axe of Ignis's Brutal
                  | Revenge {speed, Fly Will+++ Str+3 Dex-2}.
 14063 | Lair:5   | 14063 ||| Stepping ~*~*~tactically~*~*~ (stealth).
 14101 | Lair:5   | 14101 ||| INVOKING Heroism.
 14122 | Lair:5   | Received a gift from Okawaru
 14125 | Lair:5   | Reached skill level 10 in Armour
 14153 | Lair:5   | 14153 ||| INVOKING Heroism.
 14154 | Lair:5   | 14154 ||| INVOKING Finesse.
 14198 | Lair:5   | Gained mutation: Your large and strong wings let you fly.
                  | [Gargoyle growth]
 14198 | Lair:5   | Reached XP level 14. HP: 88/88 MP: 15/21
 14245 | Lair:5   | 14245 ||| Stepping ~*~*~tactically~*~*~ (stealth).
 14247 | Lair:5   | Received a gift from Okawaru
 14257 | Lair:5   | 14257 ||| Stepping ~*~*~tactically~*~*~ (stealth).
 14260 | Lair:5   | 14260 ||| Stepping ~*~*~tactically~*~*~ (stealth).
 14267 | Lair:5   | 14267 ||| Stepping ~*~*~tactically~*~*~ (stealth).
 14354 | Lair:5   | 14354 ||| Stepping ~*~*~tactically~*~*~ (stealth).
 14420 | Lair:5   | 14420 ||| Stepping ~*~*~tactically~*~*~ (stealth).
 14421 | Lair:5   | 14421 ||| Stepping ~*~*~tactically~*~*~ (stealth).
 14422 | Lair:5   | 14422 ||| INVOKING Heroism.
 14425 | Lair:5   | 14425 ||| INVOKING Finesse.
 14485 | Lair:5   | Identified the amulet "Yvon Tuc" {Acrobat +Inv}
 14516 | Lair:5   | 14516 ||| INVOKING Heroism.
 14554 | Lair:5   | 14554 ||| Stepping ~*~*~tactically~*~*~ (stealth).
 14862 | Lair:5   | 14862 ||| Stepping ~*~*~tactically~*~*~ (stealth).
 14868 | Lair:5   | 14868 ||| INVOKING Heroism.
 15150 | Lair:5   | 15150 ||| PLANNING D:1-11
 15150 | Lair:5   | 15150 ||| DROPPING amulet "Yvon Tuc" {Acrobat +Inv}.
 15151 | Lair:5   | 15151 ||| READING 5 scrolls of identify.
 15151 | Lair:5   | 15151 ||| IDENTIFYING glowing dark potion
 15152 | Lair:5   | 15152 ||| DROPPING potion of brilliance.
 15274 | D:10     | Entered Level 10 of the Dungeon
 15286 | D:10     | Found a hide-covered altar of Uskayaw.
 15316 | D:10     | Found a shimmering altar of Xom.
 15346 | D:10     | Found a sacrificial altar of Ru.
 15389 | D:10     | Noticed Fannar
 15390 | D:10     | 15390 ||| Stepping ~*~*~tactically~*~*~ (hiding).
 15407 | D:10     | Killed Fannar
 15440 | D:10     | 15440 ||| Stepping ~*~*~tactically~*~*~ (hiding).
 15442 | D:10     | 15442 ||| Stepping ~*~*~tactically~*~*~ (hiding).
 15443 | D:10     | 15443 ||| Stepping ~*~*~tactically~*~*~ (hiding).
 15551 | D:10     | 15551 ||| INVOKING Heroism.
 15581 | D:10     | 15581 ||| Stepping ~*~*~tactically~*~*~ (stealth).
 15584 | D:10     | 15584 ||| Stepping ~*~*~tactically~*~*~ (stealth).
 15745 | D:10     | 15745 ||| Stepping ~*~*~tactically~*~*~ (stealth).
 15751 | D:10     | 15751 ||| INVOKING Heroism.
 15767 | D:10     | 15767 ||| Stepping ~*~*~tactically~*~*~ (stealth).
 15775 | D:10     | 15775 ||| Stepping ~*~*~tactically~*~*~ (stealth).
 15875 | D:10     | Found an ornate altar of the Wu Jian Council.
 16209 | D:11     | 16209 ||| Stepping ~*~*~tactically~*~*~ (stealth).
 16210 | D:11     | 16210 ||| INVOKING Heroism.
 16247 | D:11     | 16247 ||| INVOKING Finesse.
 16255 | D:11     | 16255 ||| INVOKING Heroism.
 16267 | D:11     | Received a gift from Okawaru
 16407 | D:11     | 16407 ||| INVOKING Heroism.
 16447 | D:11     | Found a staircase to the Orcish Mines.
 16450 | D:11     | Found Saufytego's Armour Shop.
 16462 | D:11     | 16462 ||| BUYING +2 plate armour of poison resistance (444
                  | gold).
 16462 | D:11     | Bought a +2 plate armour of poison resistance for 444 gold
                  | pieces
 16858 | D:11     | 16858 ||| PLANNING D
 16858 | D:11     | 16858 ||| UPGRADING to +2 plate armour of poison
                  | resistance.
 16868 | D:11     | 16868 ||| DROPPING +0 plate armour.
 16944 | D:12     | 16944 ||| Stepping ~*~*~tactically~*~*~ (hiding).
 16952 | D:12     | Received a gift from Okawaru
 16953 | D:12     | 16953 ||| Stepping ~*~*~tactically~*~*~ (hiding).
 17098 | D:12     | 17098 ||| Stepping ~*~*~tactically~*~*~ (hiding).
 17102 | D:12     | 17102 ||| Stepping ~*~*~tactically~*~*~ (hiding).
 17103 | D:12     | 17103 ||| Stepping ~*~*~tactically~*~*~ (hiding).
 17111 | D:12     | 17111 ||| Stepping ~*~*~tactically~*~*~ (hiding).
 17124 | D:12     | 17124 ||| INVOKING Heroism.
 17125 | D:12     | 17125 ||| INVOKING Finesse.
 17142 | D:12     | Reached skill level 11 in Armour
 17259 | D:12     | 17259 ||| Stepping ~*~*~tactically~*~*~ (hiding).
 17261 | D:12     | 17261 ||| INVOKING Heroism.
 17271 | D:12     | Reached skill level 12 in Shields
 17348 | D:12     | 17348 ||| Stepping ~*~*~tactically~*~*~ (stealth).
 17349 | D:12     | 17349 ||| INVOKING Heroism.
 17349 | D:12     | Noticed Lodul
 17368 | D:12     | Killed Lodul
 17481 | D:12     | 17481 ||| Stepping ~*~*~tactically~*~*~ (stealth).
 17482 | D:12     | 17482 ||| Stepping ~*~*~tactically~*~*~ (stealth).
 17483 | D:12     | 17483 ||| Stepping ~*~*~tactically~*~*~ (stealth).
 17771 | D:13     | 17771 ||| INVOKING Heroism.
 18028 | D:13     | 18028 ||| Stepping ~*~*~tactically~*~*~ (hiding).
 18038 | D:13     | 18038 ||| FLEEEEING.
 18039 | D:13     | 18039 ||| FLEEEEING.
 18040 | D:13     | 18040 ||| FLEEEEING.
 18041 | D:13     | 18041 ||| FLEEEEING.
 18042 | D:13     | 18042 ||| FLEEEEING.
 18043 | D:13     | 18043 ||| FLEEEEING.
 18044 | D:13     | 18044 ||| FLEEEEING.
 18046 | D:13     | 18046 ||| FLEEEEING.
 18047 | D:13     | 18047 ||| FLEEEEING.
 18048 | D:13     | 18048 ||| FLEEEEING.
 18099 | D:13     | 18099 ||| INVOKING Heroism.
 18100 | D:13     | 18100 ||| INVOKING Finesse.
 18314 | D:13     | Found Laovicubb's Weapon Boutique.
 18341 | D:13     | 18341 ||| READING scroll labelled ESHEPI NUPPA.
 18488 | D:14     | 18488 ||| Stepping ~*~*~tactically~*~*~ (hiding).
 18845 | D:14     | 18845 ||| Stepping ~*~*~tactically~*~*~ (hiding).
 18849 | D:14     | 18849 ||| INVOKING Heroism.
 18850 | D:14     | 18850 ||| INVOKING Finesse.
 18868 | D:14     | Reached skill level 15 in Axes
 18891 | D:14     | Reached XP level 15. HP: 92/95 MP: 16/22
 18895 | D:14     | Received a gift from Okawaru
 18900 | D:14     | 18900 ||| Stepping ~*~*~tactically~*~*~ (hiding).
 18911 | D:14     | 18911 ||| Stepping ~*~*~tactically~*~*~ (hiding).
 18925 | D:14     | Received a gift from Okawaru
 18926 | D:14     | Reached skill level 12 in Fighting
 18980 | D:14     | 18980 ||| DROPPING +1 demon whip of venom.
 18989 | D:14     | Found a gate to the Vaults.
 19284 | D:14     | Found a burning altar of Makhleb.
 19284 | D:14     | Noticed an Executioner
 19441 | D:14     | 19441 ||| READING scroll labelled NOXOGEKYLO.
 19442 | D:14     | 19442 ||| READING 9 scrolls of identify.
 19442 | D:14     | 19442 ||| IDENTIFYING sapphire potion
 19491 | D:15     | Entered Level 15 of the Dungeon
 19505 | D:15     | 19505 ||| INVOKING Heroism.
 19506 | D:15     | 19506 ||| INVOKING Finesse.
 19508 | D:15     | 19508 ||| SWAPPING to +1 war axe of flaming.
 19515 | D:15     | 19515 ||| SWAPPING to +7 broad axe of Ignis's Brutal
                  | Revenge {speed, Fly Will+++ Str+3 Dex-2}.
 19691 | D:15     | 19691 ||| INVOKING Heroism.
 19904 | D:15     | 19904 ||| Stepping ~*~*~tactically~*~*~ (hiding).
 19905 | D:15     | 19905 ||| Stepping ~*~*~tactically~*~*~ (hiding).
 19910 | D:15     | 19910 ||| INVOKING Heroism.
 19998 | D:15     | 19998 ||| READING scroll of enchant armour.
 19998 | D:15     | 19998 ||| ENCHANTING +0 pair of gloves.
 20032 | D:15     | Found a staircase to the Depths.
 20033 | D:15     | 20033 ||| INVOKING Heroism.
 20056 | D:15     | Identified the +5 battleaxe of Musa {drain, rElec rPois
                  | rF+} (Okawaru gifted it to you on level 15 of the Dungeon)
 20056 | D:15     | Received a gift from Okawaru
 20242 | D:15     | 20242 ||| INVOKING Heroism.
 20243 | D:15     | 20243 ||| INVOKING Finesse.
 20245 | D:15     | 20245 ||| SWAPPING to +1 war axe of flaming.
 20250 | D:15     | 20250 ||| SWAPPING to +7 broad axe of Ignis's Brutal
                  | Revenge {speed, Fly Will+++ Str+3 Dex-2}.
 20480 | D:15     | 20480 ||| PLANNING ORC
 20611 | Orc:1    | Entered Level 1 of the Orcish Mines
 20612 | Orc:1    | 20612 ||| INVOKING Heroism.
 20612 | Orc:1    | Noticed Josephine
 20626 | Orc:1    | Noticed Jorgrun
 20626 | Orc:1    | 20626 ||| INVOKING Finesse.
 20627 | Orc:1    | Killed Josephine
 20639 | Orc:1    | 20639 ||| INVOKING Heroism.
 20651 | Orc:1    | Killed Jorgrun
 21019 | Orc:2    | Entered Level 2 of the Orcish Mines
 21019 | Orc:2    | Found a staircase to the Elven Halls.
 21020 | Orc:2    | 21020 ||| INVOKING Heroism.
 21113 | Orc:2    | 21113 ||| Stepping ~*~*~tactically~*~*~ (hiding).
 21131 | Orc:2    | Found Huymp's Assorted Antiques.
 21137 | Orc:2    | 21137 ||| INVOKING Heroism.
 21144 | Orc:2    | Noticed Azrael
 21145 | Orc:2    | 21145 ||| INVOKING Finesse.
 21162 | Orc:2    | Killed Azrael
 21163 | Orc:2    | Reached skill level 12 in Armour
 21217 | Orc:2    | 21217 ||| BUYING scroll of enchant armour (195 gold).
 21217 | Orc:2    | Bought a scroll of enchant armour for 195 gold pieces
 21217 | Orc:2    | 21217 ||| READING scroll of enchant armour.
 21217 | Orc:2    | 21217 ||| ENCHANTING +1 pair of gloves.
 21226 | Orc:2    | 21226 ||| Stepping ~*~*~tactically~*~*~ (hiding).
 21249 | Orc:2    | 21249 ||| Stepping ~*~*~tactically~*~*~ (hiding).
 21362 | Orc:2    | Found Souph's Jewellery Emporium.
 21368 | Orc:2    | 21368 ||| BUYING +6 ring of dexterity (540 gold).
 21368 | Orc:2    | Bought a +6 ring of dexterity for 540 gold pieces
 21368 | Orc:2    | 21368 ||| BUYING +6 ring of strength (540 gold).
 21368 | Orc:2    | Bought a +6 ring of strength for 540 gold pieces
 21368 | Orc:2    | 21368 ||| BUYING ring of ice (375 gold).
 21368 | Orc:2    | Bought a ring of ice for 375 gold pieces
 21482 | Orc:2    | 21482 ||| Stepping ~*~*~tactically~*~*~ (hiding).
 21533 | Orc:2    | 21533 ||| INVOKING Heroism.
 21563 | Orc:2    | Noticed an orc warlord
 21564 | Orc:2    | 21564 ||| INVOKING Finesse.
 21578 | Orc:2    | HP: 24/96 [orc high priest/divine providence (10)]
 21579 | Orc:2    | 21579 ||| READING 7 scrolls of teleportation.
 21580 | Orc:2    | 21580 ||| DRINKING 4 potions of heal wounds.
 21584 | Orc:2    | Found Hias's Antique Weapon Boutique.
 21795 | Orc:2    | 21795 ||| Stepping ~*~*~tactically~*~*~ (stealth).
 21797 | Orc:2    | 21797 ||| INVOKING Heroism.
 21798 | Orc:2    | 21798 ||| INVOKING Finesse.
 21809 | Orc:2    | 21809 ||| Stepping ~*~*~tactically~*~*~ (hiding).
 21811 | Orc:2    | 21811 ||| Stepping ~*~*~tactically~*~*~ (hiding).
 21822 | Orc:2    | Killed an orc warlord
 21842 | Orc:2    | 21842 ||| Stepping ~*~*~tactically~*~*~ (hiding).
 21892 | Orc:2    | 21892 ||| INVOKING Heroism.
 21953 | Orc:2    | Received a gift from Okawaru
 21965 | Orc:2    | 21965 ||| INVOKING Heroism.
 22048 | Orc:2    | 22048 ||| INVOKING Heroism.
 22064 | Orc:2    | Found Juhosor's Antique Armour Emporium.
 22070 | Orc:2    | Found Putoless's Antique Weapon Shoppe.
 22077 | Orc:2    | 22077 ||| BUYING runed chain mail (195 gold).
 22077 | Orc:2    | Bought a runed chain mail for 195 gold pieces
 22077 | Orc:2    | 22077 ||| SHOPLISTING runed fire dragon scales (1638 gold,
                  | have 120).
 22121 | Orc:2    | 22121 ||| DROPPING ring of positive energy.
 22122 | Orc:2    | 22122 ||| DROPPING +6 ring of dexterity.
 22169 | Orc:1    | Found Jyluusor's Assorted Antiques.
 22187 | Orc:1    | 22187 ||| BUYING potion of attraction (66 gold).
 22187 | Orc:1    | Bought a potion of attraction for 66 gold pieces
 22187 | Orc:1    | 22187 ||| SHOPLISTING potion of haste (220 gold, have 174).
 22189 | Orc:1    | 22189 ||| Stepping ~*~*~tactically~*~*~ (stealth).
 22196 | Orc:1    | Found Mivvexarr's Book Boutique.
 22215 | Orc:1    | 22215 ||| Stepping ~*~*~tactically~*~*~ (hiding).
 22219 | Orc:1    | 22219 ||| INVOKING Heroism.
 22230 | Orc:1    | 22230 ||| Stepping ~*~*~tactically~*~*~ (hiding).
 22283 | Orc:1    | Found Vocsuuh's Distillery.
 22292 | Orc:1    | 22292 ||| BUYING 2 potions of heal wounds (130 gold).
 22292 | Orc:1    | Bought 2 potions of heal wounds for 130 gold pieces
 22292 | Orc:1    | 22292 ||| BUYING potion of heal wounds (65 gold).
 22292 | Orc:1    | Bought a potion of heal wounds for 65 gold pieces
 22292 | Orc:1    | 22292 ||| SHOPLISTING potion of lignification (39 gold,
                  | have 25).
 22292 | Orc:1    | 22292 ||| SHOPLISTING potion of might (52 gold, have 25).
 22400 | Orc:1    | Found Vynem's Antique Weapon Shoppe.
 22417 | Orc:1    | Found Oqodur's Book Shop.
 22438 | Orc:1    | 22438 ||| PLANNING SPIDER:1-3
 22562 | Spider:1 | Entered Level 1 of the Spider Nest
 22579 | Spider:1 | 22579 ||| Stepping ~*~*~tactically~*~*~ (stealth).
 22674 | Spider:1 | 22674 ||| Stepping ~*~*~tactically~*~*~ (hiding).
 22702 | Spider:1 | 22702 ||| Stepping ~*~*~tactically~*~*~ (stealth).
 22804 | Spider:1 | 22804 ||| DRINKING 5 potions of curing.
 22804 | Spider:1 | 22804 ||| (to cure confusion)
 22862 | Spider:1 | 22862 ||| Stepping ~*~*~tactically~*~*~ (stealth).
 22990 | Spider:1 | 22990 ||| INVOKING Heroism.
 23006 | Spider:1 | Reached XP level 16. HP: 80/101 MP: 21/23
 23144 | Spider:1 | 23144 ||| INVOKING Heroism.
 23416 | Spider:1 | 23416 ||| Stepping ~*~*~tactically~*~*~ (stealth).
 23521 | Spider:1 | 23521 ||| Stepping ~*~*~tactically~*~*~ (stealth).
 23786 | Spider:1 | 23786 ||| INVOKING Heroism.
 24277 | Spider:2 | 24277 ||| INVOKING Heroism.
 24366 | Spider:2 | 24366 ||| Stepping ~*~*~tactically~*~*~ (stealth).
 24377 | Spider:2 | 24377 ||| INVOKING Heroism.
 24478 | Spider:2 | 24478 ||| Stepping ~*~*~tactically~*~*~ (stealth).
 24494 | Spider:2 | 24494 ||| INVOKING Heroism.
 24531 | Spider:2 | 24531 ||| Stepping ~*~*~tactically~*~*~ (stealth).
 24536 | Spider:2 | 24536 ||| Stepping ~*~*~tactically~*~*~ (stealth).
 24548 | Spider:2 | 24548 ||| INVOKING Heroism.
 24684 | Spider:2 | 24684 ||| Stepping ~*~*~tactically~*~*~ (hiding).
 24692 | Spider:2 | 24692 ||| INVOKING Heroism.
 24693 | Spider:2 | 24693 ||| INVOKING Finesse.
 24698 | Spider:2 | HP: 24/104 [spark wasp (4)]
 24699 | Spider:2 | 24699 ||| READING 6 scrolls of teleportation.
 24700 | Spider:2 | 24700 ||| DRINKING 6 potions of heal wounds.
 24703 | Spider:2 | 24703 ||| DRINKING 5 potions of heal wounds.
 24720 | Spider:2 | Noticed Aizul
 24729 | Spider:2 | Killed Aizul
 24733 | Spider:2 | 24733 ||| Stepping ~*~*~tactically~*~*~ (stealth).
 24736 | Spider:2 | 24736 ||| Stepping ~*~*~tactically~*~*~ (stealth).
 24737 | Spider:2 | 24737 ||| INVOKING Heroism.
 24782 | Spider:2 | 24782 ||| FLEEEEING.
 24783 | Spider:2 | 24783 ||| FLEEEEING.
 24784 | Spider:2 | 24784 ||| FLEEEEING.
 24785 | Spider:2 | 24785 ||| STAIRDANCE
 24787 | Spider:1 | 24787 ||| INVOKING Heroism.
 24993 | Spider:2 | 24993 ||| STAIRDANCE
 25000 | Spider:1 | Reached ****** piety under Okawaru
 25054 | Spider:2 | Found the amulet of the Air {Inacc Air Fly rElec RMsl}
 25055 | Spider:2 | 25055 ||| Stepping ~*~*~tactically~*~*~ (hiding).
 25075 | Spider:2 | 25075 ||| Stepping ~*~*~tactically~*~*~ (stealth).
 25078 | Spider:2 | 25078 ||| Stepping ~*~*~tactically~*~*~ (stealth).
 25079 | Spider:2 | 25079 ||| Stepping ~*~*~tactically~*~*~ (stealth).
 25083 | Spider:2 | 25083 ||| INVOKING Heroism.
 25090 | Spider:2 | Noticed Agnes
 25091 | Spider:2 | 25091 ||| INVOKING Finesse.
 25113 | Spider:2 | Killed Agnes
 25114 | Spider:2 | Reached skill level 13 in Armour
 25133 | Spider:2 | Received a gift from Okawaru
 25207 | Spider:2 | Identified the +0 plate armour of Egalitarianism {rF+}
 25209 | Spider:2 | 25209 ||| Stepping ~*~*~tactically~*~*~ (stealth).
 25210 | Spider:2 | Identified Roxanne's Parchment of Shapes
 25210 | Spider:2 | Noticed Roxanne
 25211 | Spider:2 | 25211 ||| INVOKING Heroism.
 25212 | Spider:2 | 25212 ||| INVOKING Finesse.
 25242 | Spider:2 | Killed Roxanne
 25267 | Spider:2 | 25267 ||| Stepping ~*~*~tactically~*~*~ (stealth).
 25268 | Spider:2 | 25268 ||| Stepping ~*~*~tactically~*~*~ (stealth).
 25277 | Spider:2 | 25277 ||| Stepping ~*~*~tactically~*~*~ (stealth).
 25282 | Spider:2 | 25282 ||| DRINKING 4 potions of curing.
 25282 | Spider:2 | 25282 ||| (to cure confusion)
 25288 | Spider:2 | 25288 ||| Stepping ~*~*~tactically~*~*~ (stealth).
 25317 | Spider:2 | 25317 ||| Stepping ~*~*~tactically~*~*~ (hiding).
 25321 | Spider:2 | 25321 ||| INVOKING Finesse.
 25380 | Spider:2 | 25380 ||| Stepping ~*~*~tactically~*~*~ (stealth).
 25477 | Spider:2 | 25477 ||| Stepping ~*~*~tactically~*~*~ (stealth).
 25479 | Spider:2 | 25479 ||| Stepping ~*~*~tactically~*~*~ (hiding).
 25554 | Spider:2 | 25554 ||| Stepping ~*~*~tactically~*~*~ (stealth).
 25555 | Spider:2 | 25555 ||| Stepping ~*~*~tactically~*~*~ (stealth).
 25630 | Spider:2 | 25630 ||| DROPPING +3 chain mail of fire resistance.
 25631 | Spider:2 | 25631 ||| UPGRADING to +0 plate armour of Egalitarianism
                  | {rF+}.
 25732 | Spider:3 | 25732 ||| INVOKING Heroism.
 25896 | Spider:3 | 25896 ||| INVOKING Heroism.
 26199 | Spider:3 | 26199 ||| Stepping ~*~*~tactically~*~*~ (hiding).
 26368 | Spider:3 | Reached skill level 18 in Axes
 26422 | Spider:3 | 26422 ||| Stepping ~*~*~tactically~*~*~ (stealth).
 26456 | Spider:3 | 26456 ||| Stepping ~*~*~tactically~*~*~ (stealth).
 26524 | Spider:3 | Identified the -1 hat "Kow Yrewk" {Dex+2} (Okawaru gifted
                  | it to you on level 3 of the Spider Nest)
 26524 | Spider:3 | Received a gift from Okawaru
 26548 | Spider:3 | 26548 ||| INVOKING Heroism.
 26565 | Spider:3 | 26565 ||| READING scroll of enchant armour.
 26565 | Spider:3 | 26565 ||| ENCHANTING +0 helmet.
 26864 | Spider:3 | 26864 ||| INVOKING Finesse.
 26883 | Spider:3 | Reached XP level 17. HP: 93/108 MP: 20/24
 26898 | Spider:3 | 26898 ||| INVOKING Heroism.
 26904 | Spider:3 | 26904 ||| Stepping ~*~*~tactically~*~*~ (stealth).
 26923 | Spider:3 | 26923 ||| Stepping ~*~*~tactically~*~*~ (stealth).
 26924 | Spider:3 | 26924 ||| Stepping ~*~*~tactically~*~*~ (stealth).
 27033 | Spider:3 | 27033 ||| Stepping ~*~*~tactically~*~*~ (stealth).
 27060 | Spider:3 | 27060 ||| Stepping ~*~*~tactically~*~*~ (stealth).
 27312 | Spider:3 | 27312 ||| PLANNING SWAMP:1-3
 27312 | Spider:3 | 27312 ||| UPGRADING to +0 crystal plate armour.
 27322 | Spider:3 | 27322 ||| DROPPING +2 plate armour of poison resistance.
 27323 | Spider:3 | 27323 ||| UPGRADING to +2 pair of boots.
 27333 | Spider:3 | 27333 ||| DROPPING +0 pair of boots.
 27334 | Spider:3 | 27334 ||| DROPPING -1 hat "Kow Yrewk" {Dex+2}.
 27335 | Spider:3 | 27335 ||| DROPPING +2 chain mail of cold resistance.
 27467 | Swamp:1  | Entered Level 1 of the Swamp
 27506 | Swamp:1  | 27506 ||| Stepping ~*~*~tactically~*~*~ (stealth).
 27509 | Swamp:1  | 27509 ||| INVOKING Heroism.
 27510 | Swamp:1  | 27510 ||| Stepping ~*~*~tactically~*~*~ (hiding).
 27511 | Swamp:1  | 27511 ||| SWAPPING to +1 war axe of flaming.
 27518 | Swamp:1  | 27518 ||| SWAPPING to +7 broad axe of Ignis's Brutal
                  | Revenge {speed, Fly Will+++ Str+3 Dex-2}.
 27530 | Swamp:1  | 27530 ||| Stepping ~*~*~tactically~*~*~ (hiding).
 27532 | Swamp:1  | 27532 ||| Stepping ~*~*~tactically~*~*~ (hiding).
 27533 | Swamp:1  | 27533 ||| Stepping ~*~*~tactically~*~*~ (hiding).
 27535 | Swamp:1  | 27535 ||| SWAPPING to +1 war axe of flaming.
 27542 | Swamp:1  | 27542 ||| SWAPPING to +7 broad axe of Ignis's Brutal
                  | Revenge {speed, Fly Will+++ Str+3 Dex-2}.
 27698 | Swamp:1  | 27698 ||| Stepping ~*~*~tactically~*~*~ (hiding).
 27807 | Swamp:1  | 27807 ||| INVOKING Heroism.
 27808 | Swamp:1  | 27808 ||| SWAPPING to +1 war axe of flaming.
 27817 | Swamp:1  | 27817 ||| SWAPPING to +7 broad axe of Ignis's Brutal
                  | Revenge {speed, Fly Will+++ Str+3 Dex-2}.
 27878 | Swamp:1  | 27878 ||| INVOKING Heroism.
 27883 | Swamp:1  | 27883 ||| SWAPPING to +1 war axe of flaming.
 27892 | Swamp:1  | 27892 ||| SWAPPING to +7 broad axe of Ignis's Brutal
                  | Revenge {speed, Fly Will+++ Str+3 Dex-2}.
 28148 | Swamp:2  | 28148 ||| Stepping ~*~*~tactically~*~*~ (hiding).
 28149 | Swamp:2  | 28149 ||| Stepping ~*~*~tactically~*~*~ (hiding).
 28150 | Swamp:2  | 28150 ||| Stepping ~*~*~tactically~*~*~ (hiding).
 28152 | Swamp:2  | 28152 ||| Stepping ~*~*~tactically~*~*~ (hiding).
 28153 | Swamp:2  | 28153 ||| INVOKING Heroism.
 28157 | Swamp:2  | 28157 ||| SWAPPING to +1 war axe of flaming.
 28163 | Swamp:2  | 28163 ||| SWAPPING to +7 broad axe of Ignis's Brutal
                  | Revenge {speed, Fly Will+++ Str+3 Dex-2}.
 28184 | Swamp:2  | 28184 ||| SWAPPING to +1 war axe of flaming.
 28190 | Swamp:2  | Reached skill level 14 in Armour
 28190 | Swamp:2  | 28190 ||| SWAPPING to +7 broad axe of Ignis's Brutal
                  | Revenge {speed, Fly Will+++ Str+3 Dex-2}.
 28194 | Swamp:2  | 28194 ||| Stepping ~*~*~tactically~*~*~ (hiding).
 28260 | Swamp:2  | 28260 ||| INVOKING Heroism.
 28280 | Swamp:2  | 28280 ||| Stepping ~*~*~tactically~*~*~ (hiding).
 28397 | Swamp:2  | 28397 ||| Stepping ~*~*~tactically~*~*~ (hiding).
 28459 | Swamp:2  | 28459 ||| Stepping ~*~*~tactically~*~*~ (hiding).
 28460 | Swamp:2  | 28460 ||| Stepping ~*~*~tactically~*~*~ (hiding).
 28525 | Swamp:2  | 28525 ||| INVOKING Heroism.
 28843 | Swamp:2  | Reached skill level 15 in Armour
 28846 | Swamp:2  | Found a runed translucent gate.
 28846 | Swamp:2  | Found a runed translucent gate.
 28846 | Swamp:2  | Found a runed translucent gate.
 28847 | Swamp:2  | Noticed suomimenusko's ghost (adept NaFi)
 28849 | Swamp:2  | 28849 ||| Stepping ~*~*~tactically~*~*~ (hiding).
 29044 | Swamp:3  | 29044 ||| Stepping ~*~*~tactically~*~*~ (hiding).
 29045 | Swamp:3  | 29045 ||| Stepping ~*~*~tactically~*~*~ (hiding).
 29216 | Swamp:3  | 29216 ||| Stepping ~*~*~tactically~*~*~ (stealth).
 29219 | Swamp:3  | 29219 ||| READING scroll of enchant armour.
 29219 | Swamp:3  | 29219 ||| ENCHANTING +0 crystal plate armour.
 29222 | Swamp:3  | 29222 ||| Stepping ~*~*~tactically~*~*~ (stealth).
 29224 | Swamp:3  | 29224 ||| INVOKING Heroism.
 29225 | Swamp:3  | 29225 ||| SWAPPING to +1 war axe of flaming.
 29245 | Swamp:3  | 29245 ||| SWAPPING to +7 broad axe of Ignis's Brutal
                  | Revenge {speed, Fly Will+++ Str+3 Dex-2}.
 29257 | Swamp:3  | 29257 ||| Stepping ~*~*~tactically~*~*~ (stealth).
 29327 | Swamp:3  | 29327 ||| Stepping ~*~*~tactically~*~*~ (stealth).
 29347 | Swamp:3  | 29347 ||| INVOKING Heroism.
 29360 | Swamp:3  | Identified the +1 pair of gloves of Servitude {rElec rN+
                  | MP-9} (Okawaru gifted it to you on level 3 of the Swamp)
 29360 | Swamp:3  | Received a gift from Okawaru
 29406 | Swamp:3  | Noticed Bai Suzhen
 29407 | Swamp:3  | 29407 ||| INVOKING Heroism.
 29408 | Swamp:3  | 29408 ||| INVOKING Finesse.
 29418 | Swamp:3  | 29418 ||| SWAPPING to +1 war axe of flaming.
 29431 | Swamp:3  | 29431 ||| SWAPPING to +7 broad axe of Ignis's Brutal
                  | Revenge {speed, Fly Will+++ Str+3 Dex-2}.
 29434 | Swamp:3  | Killed Bai Suzhen
 29580 | Swamp:3  | 29580 ||| Stepping ~*~*~tactically~*~*~ (stealth).
 29581 | Swamp:3  | 29581 ||| Stepping ~*~*~tactically~*~*~ (stealth).
 29599 | Swamp:3  | 29599 ||| Stepping ~*~*~tactically~*~*~ (stealth).
 29636 | Swamp:3  | 29636 ||| INVOKING Heroism.
 29644 | Swamp:3  | 29644 ||| SWAPPING to +1 war axe of flaming.
 29652 | Swamp:3  | 29652 ||| SWAPPING to +7 broad axe of Ignis's Brutal
                  | Revenge {speed, Fly Will+++ Str+3 Dex-2}.
 29727 | Swamp:3  | Identified the +3 ring mail of Marbles {rElec Str+6 Dex+4}
 29879 | Swamp:3  | 29879 ||| PLANNING SPIDER:4
 29879 | Swamp:3  | 29879 ||| DROPPING +1 pair of gloves of Servitude {rElec
                  | rN+ MP-9}.
 29880 | Swamp:3  | 29880 ||| DROPPING +0 plate armour of Egalitarianism {rF+}.
 30062 | Spider:4 | Entered Level 4 of the Spider Nest
 30065 | Spider:4 | 30065 ||| Stepping ~*~*~tactically~*~*~ (stealth).
 30066 | Spider:4 | 30066 ||| Stepping ~*~*~tactically~*~*~ (stealth).
 30067 | Spider:4 | 30067 ||| Stepping ~*~*~tactically~*~*~ (stealth).
 30070 | Spider:4 | 30070 ||| INVOKING Heroism.
 30086 | Spider:4 | 30086 ||| INVOKING Finesse.
 30091 | Spider:4 | Reached skill level 6 in Throwing
 30100 | Spider:4 | 30100 ||| STAIRDANCE
 30182 | Spider:4 | 30182 ||| STAIRDANCE
 30194 | Spider:4 | 30194 ||| STAIRDANCE
 30204 | Spider:4 | 30204 ||| INVOKING Finesse.
 30320 | Spider:4 | 30320 ||| Stepping ~*~*~tactically~*~*~ (stealth).
 30322 | Spider:4 | 30322 ||| INVOKING Finesse.
 30352 | Spider:4 | Found a runed translucent gate.
 30352 | Spider:4 | Found a runed translucent gate.
 30352 | Spider:4 | Found a runed translucent gate.
 30353 | Spider:4 | Noticed qw's ghost (adept GrFi)
 30374 | Spider:4 | 30374 ||| Stepping ~*~*~tactically~*~*~ (stealth).
 30412 | Spider:4 | 30412 ||| Stepping ~*~*~tactically~*~*~ (stealth).
 30413 | Spider:4 | 30413 ||| Stepping ~*~*~tactically~*~*~ (stealth).
 30414 | Spider:4 | 30414 ||| INVOKING Heroism.
 30415 | Spider:4 | 30415 ||| INVOKING Finesse.
 30421 | Spider:4 | Reached skill level 16 in Armour
 30421 | Spider:4 | 30421 ||| Stepping ~*~*~tactically~*~*~ (hiding).
 30528 | Spider:4 | 30528 ||| Stepping ~*~*~tactically~*~*~ (stealth).
 30607 | Spider:4 | 30607 ||| INVOKING Finesse.
 30609 | Spider:4 | 30609 ||| Stepping ~*~*~tactically~*~*~ (hiding).
 30611 | Spider:4 | 30611 ||| Stepping ~*~*~tactically~*~*~ (hiding).
 30738 | Spider:4 | 30738 ||| Stepping ~*~*~tactically~*~*~ (stealth).
 30758 | Spider:4 | 30758 ||| INVOKING Heroism.
 30759 | Spider:4 | 30759 ||| INVOKING Finesse.
 30866 | Spider:4 | 30866 ||| Stepping ~*~*~tactically~*~*~ (stealth).
 30867 | Spider:4 | 30867 ||| INVOKING Heroism.
 30905 | Spider:4 | 30905 ||| FLEEEEING.
 30906 | Spider:4 | 30906 ||| FLEEEEING.
 30907 | Spider:4 | 30907 ||| FLEEEEING.
 30908 | Spider:4 | 30908 ||| FLEEEEING.
 30909 | Spider:4 | 30909 ||| FLEEEEING.
 30910 | Spider:4 | 30910 ||| FLEEEEING.
 30911 | Spider:4 | 30911 ||| FLEEEEING.
 30912 | Spider:4 | 30912 ||| FLEEEEING.
 30938 | Spider:4 | Reached XP level 18. HP: 115/115 MP: 25/25
 30938 | Spider:4 | 30938 ||| DROPPING +1 war axe of flaming.
 30958 | Spider:4 | 30958 ||| INVOKING Heroism.
 30994 | Spider:4 | 30994 ||| Stepping ~*~*~tactically~*~*~ (stealth).
 30995 | Spider:4 | 30995 ||| Stepping ~*~*~tactically~*~*~ (stealth).
 31045 | Spider:4 | 31045 ||| INVOKING Heroism.
 31062 | Spider:4 | 31062 ||| Stepping ~*~*~tactically~*~*~ (stealth).
 31064 | Spider:4 | 31064 ||| Stepping ~*~*~tactically~*~*~ (stealth).
 31070 | Spider:4 | Reached skill level 17 in Armour
 31083 | Spider:4 | Got a gossamer rune of Zot
 31125 | Spider:4 | 31125 ||| Stepping ~*~*~tactically~*~*~ (stealth).
 31126 | Spider:4 | 31126 ||| Stepping ~*~*~tactically~*~*~ (stealth).
 31128 | Spider:4 | 31128 ||| INVOKING Heroism.
 31820 | Spider:4 | 31820 ||| PLANNING VAULTS:1-4
 32028 | Vaults:1 | Entered Level 1 of the Vaults
 32034 | Vaults:1 | 32034 ||| Stepping ~*~*~tactically~*~*~ (hiding).
 32037 | Vaults:1 | 32037 ||| INVOKING Heroism.
 32038 | Vaults:1 | 32038 ||| INVOKING Finesse.
 32138 | Vaults:1 | 32138 ||| INVOKING Heroism.
 32155 | Vaults:1 | 32155 ||| Stepping ~*~*~tactically~*~*~ (hiding).
 32283 | Vaults:1 | 32283 ||| INVOKING Heroism.
 32321 | Vaults:1 | Received a gift from Okawaru
 32646 | Vaults:1 | 32646 ||| Stepping ~*~*~tactically~*~*~ (hiding).
 32652 | Vaults:1 | 32652 ||| Stepping ~*~*~tactically~*~*~ (hiding).
 32654 | Vaults:1 | 32654 ||| INVOKING Heroism.
 32779 | Vaults:1 | 32779 ||| Stepping ~*~*~tactically~*~*~ (stealth).
 32780 | Vaults:1 | 32780 ||| Stepping ~*~*~tactically~*~*~ (stealth).
 32999 | Vaults:1 | 32999 ||| INVOKING Heroism.
 33059 | Vaults:1 | 33059 ||| Stepping ~*~*~tactically~*~*~ (stealth).
 33102 | Vaults:1 | 33102 ||| Stepping ~*~*~tactically~*~*~ (stealth).
 33105 | Vaults:1 | 33105 ||| Stepping ~*~*~tactically~*~*~ (hiding).
 33113 | Vaults:1 | 33113 ||| INVOKING Heroism.
 33114 | Vaults:1 | 33114 ||| INVOKING Finesse.
 33122 | Vaults:1 | 33122 ||| Stepping ~*~*~tactically~*~*~ (hiding).
 33295 | Vaults:1 | 33295 ||| Stepping ~*~*~tactically~*~*~ (hiding).
 33297 | Vaults:1 | 33297 ||| INVOKING Heroism.
 33300 | Vaults:1 | Received a gift from Okawaru
 33311 | Vaults:1 | Reached skill level 18 in Armour
 33389 | Vaults:1 | 33389 ||| Stepping ~*~*~tactically~*~*~ (stealth).
 33392 | Vaults:1 | 33392 ||| INVOKING Heroism.
 33757 | Vaults:2 | 33757 ||| Stepping ~*~*~tactically~*~*~ (hiding).
 33770 | Vaults:2 | Received a gift from Okawaru
 33946 | Vaults:2 | 33946 ||| INVOKING Heroism.
 33947 | Vaults:2 | 33947 ||| INVOKING Finesse.
 34045 | Vaults:2 | You are sucked into a shaft and drop 1 floor!
 34046 | Vaults:3 | 34046 ||| PLANNING BAZAAR
 34046 | Vaults:3 | 34046 ||| INVOKING Heroism.
 34053 | Vaults:3 | Reached skill level 15 in Fighting
 34219 | Vaults:3 | 34219 ||| Stepping ~*~*~tactically~*~*~ (hiding).
 34224 | Vaults:3 | 34224 ||| INVOKING Heroism.
 34225 | Vaults:3 | 34225 ||| INVOKING Finesse.
 34234 | Vaults:3 | Received a gift from Okawaru
 34241 | Vaults:3 | 34241 ||| Stepping ~*~*~tactically~*~*~ (hiding).
 34253 | Vaults:3 | 34253 ||| Stepping ~*~*~tactically~*~*~ (hiding).
 34266 | Vaults:3 | 34266 ||| Stepping ~*~*~tactically~*~*~ (hiding).
 34279 | Vaults:3 | Received a gift from Okawaru
 34290 | Vaults:3 | 34290 ||| Stepping ~*~*~tactically~*~*~ (hiding).
 34561 | Vaults:3 | 34561 ||| INVOKING Heroism.
 34562 | Vaults:3 | 34562 ||| INVOKING Finesse.
 34649 | Vaults:3 | 34649 ||| INVOKING Heroism.
 34654 | Vaults:3 | Received a gift from Okawaru
 34668 | Vaults:3 | Reached XP level 19. HP: 120/124 MP: 24/26
 34705 | Vaults:3 | 34705 ||| Stepping ~*~*~tactically~*~*~ (hiding).
 34708 | Vaults:3 | 34708 ||| Stepping ~*~*~tactically~*~*~ (hiding).
 34830 | Vaults:3 | 34830 ||| Stepping ~*~*~tactically~*~*~ (stealth).
 34832 | Vaults:3 | 34832 ||| INVOKING Heroism.
 34849 | Vaults:3 | Reached skill level 9 in Throwing
 34871 | Vaults:3 | 34871 ||| Stepping ~*~*~tactically~*~*~ (stealth).
 34884 | Vaults:3 | 34884 ||| INVOKING Heroism.
 34885 | Vaults:3 | 34885 ||| INVOKING Finesse.
 34901 | Vaults:3 | Received a gift from Okawaru
 34925 | Vaults:3 | 34925 ||| Stepping ~*~*~tactically~*~*~ (stealth).
 34974 | Vaults:3 | 34974 ||| Stepping ~*~*~tactically~*~*~ (stealth).
 34996 | Vaults:3 | 34996 ||| Stepping ~*~*~tactically~*~*~ (stealth).
 35021 | Vaults:3 | 35021 ||| Stepping ~*~*~tactically~*~*~ (hiding).
 35044 | Vaults:3 | Received a gift from Okawaru
 35124 | Vaults:3 | 35124 ||| Stepping ~*~*~tactically~*~*~ (stealth).
 35212 | Vaults:3 | 35212 ||| RIP BAZAAR
 35235 | Vaults:3 | 35235 ||| PLANNING VAULTS:1-4
 35235 | Vaults:3 | 35235 ||| INVOKING Heroism.
 35236 | Vaults:3 | 35236 ||| INVOKING Finesse.
 35242 | Vaults:3 | 35242 ||| Stepping ~*~*~tactically~*~*~ (stealth).
 35243 | Vaults:3 | 35243 ||| Stepping ~*~*~tactically~*~*~ (stealth).
 35263 | Vaults:3 | 35263 ||| Stepping ~*~*~tactically~*~*~ (stealth).
 35269 | Vaults:3 | 35269 ||| DROPPING +1 pair of boots of rampaging.
 35327 | Vaults:2 | 35327 ||| Stepping ~*~*~tactically~*~*~ (stealth).
 35331 | Vaults:2 | 35331 ||| Stepping ~*~*~tactically~*~*~ (hiding).
 35417 | Vaults:2 | 35417 ||| INVOKING Heroism.
 35440 | Vaults:2 | 35440 ||| INVOKING Finesse.
 35453 | Vaults:2 | 35453 ||| Stepping ~*~*~tactically~*~*~ (hiding).
 35462 | Vaults:2 | Reached skill level 19 in Armour
 35538 | Vaults:2 | 35538 ||| Stepping ~*~*~tactically~*~*~ (stealth).
 35539 | Vaults:2 | 35539 ||| INVOKING Heroism.
 35660 | Vaults:2 | 35660 ||| Stepping ~*~*~tactically~*~*~ (stealth).
 35664 | Vaults:2 | 35664 ||| Stepping ~*~*~tactically~*~*~ (hiding).
 35680 | Vaults:2 | Reached skill level 15 in Shields
 35780 | Vaults:2 | 35780 ||| FLEEEEING.
 35781 | Vaults:2 | 35781 ||| FLEEEEING.
 35784 | Vaults:2 | 35784 ||| FLEEEEING.
 35785 | Vaults:2 | 35785 ||| FLEEEEING.
 35786 | Vaults:2 | 35786 ||| FLEEEEING.
 35787 | Vaults:2 | 35787 ||| FLEEEEING.
 35788 | Vaults:2 | 35788 ||| FLEEEEING.
 35789 | Vaults:2 | 35789 ||| FLEEEEING.
 35790 | Vaults:2 | 35790 ||| FLEEEEING.
 35791 | Vaults:2 | 35791 ||| FLEEEEING.
 35792 | Vaults:2 | 35792 ||| FLEEEEING.
 35793 | Vaults:2 | 35793 ||| FLEEEEING.
 35794 | Vaults:2 | 35794 ||| FLEEEEING.
 35795 | Vaults:2 | 35795 ||| FLEEEEING.
 35796 | Vaults:2 | 35796 ||| FLEEEEING.
 35797 | Vaults:2 | 35797 ||| FLEEEEING.
 35798 | Vaults:2 | 35798 ||| FLEEEEING.
 35799 | Vaults:2 | 35799 ||| FLEEEEING.
 35800 | Vaults:2 | 35800 ||| FLEEEEING.
 35801 | Vaults:2 | 35801 ||| FLEEEEING.
 35802 | Vaults:2 | 35802 ||| FLEEEEING.
 35803 | Vaults:2 | 35803 ||| FLEEEEING.
 35804 | Vaults:2 | 35804 ||| FLEEEEING.
 35805 | Vaults:2 | 35805 ||| FLEEEEING.
 35806 | Vaults:2 | 35806 ||| FLEEEEING.
 35807 | Vaults:2 | 35807 ||| FLEEEEING.
 35808 | Vaults:2 | 35808 ||| FLEEEEING.
 35809 | Vaults:2 | 35809 ||| FLEEEEING.
 35810 | Vaults:2 | 35810 ||| FLEEEEING.
 35813 | Vaults:2 | 35813 ||| FLEEEEING.
 35814 | Vaults:2 | 35814 ||| FLEEEEING.
 35815 | Vaults:2 | 35815 ||| FLEEEEING.
 35816 | Vaults:2 | 35816 ||| FLEEEEING.
 35818 | Vaults:2 | 35818 ||| STAIRDANCE
 35872 | Vaults:2 | 35872 ||| STAIRDANCE
 36036 | Vaults:2 | 36036 ||| Stepping ~*~*~tactically~*~*~ (stealth).
 36075 | Vaults:2 | Received a gift from Okawaru
 36082 | Vaults:2 | 36082 ||| INVOKING Heroism.
 36114 | Vaults:2 | 36114 ||| Stepping ~*~*~tactically~*~*~ (hiding).
 36153 | Vaults:2 | 36153 ||| Stepping ~*~*~tactically~*~*~ (stealth).
 36239 | Vaults:2 | Found a staircase to the Crypt.
 36288 | Vaults:2 | 36288 ||| Stepping ~*~*~tactically~*~*~ (hiding).
 36290 | Vaults:2 | 36290 ||| INVOKING Heroism.
 36321 | Vaults:2 | 36321 ||| FLEEEEING.
 36322 | Vaults:2 | 36322 ||| FLEEEEING.
 36323 | Vaults:2 | 36323 ||| FLEEEEING.
 36324 | Vaults:2 | 36324 ||| FLEEEEING.
 36329 | Vaults:2 | 36329 ||| FLEEEEING.
 36330 | Vaults:2 | 36330 ||| FLEEEEING.
 36331 | Vaults:2 | 36331 ||| FLEEEEING.
 36346 | Vaults:2 | 36346 ||| INVOKING Heroism.
 36666 | Vaults:2 | Found the +5 glaive of the Guard {elec, spectral, AC+5}
 36689 | Vaults:2 | 36689 ||| Stepping ~*~*~tactically~*~*~ (hiding).
 36693 | Vaults:2 | 36693 ||| INVOKING Heroism.
 36696 | Vaults:2 | 36696 ||| INVOKING Finesse.
 36729 | Vaults:2 | Identified the +1 pair of gloves of the Scribe {rPois rF+
                  | rN+} (Okawaru gifted it to you on level 2 of the Vaults)
 36729 | Vaults:2 | Received a gift from Okawaru
 36743 | Vaults:2 | 36743 ||| Stepping ~*~*~tactically~*~*~ (hiding).
 36752 | Vaults:2 | 36752 ||| Stepping ~*~*~tactically~*~*~ (hiding).
 37078 | Vaults:2 | 37078 ||| INVOKING Heroism.
 37079 | Vaults:2 | 37079 ||| INVOKING Finesse.
 37080 | Vaults:2 | 37080 ||| INVOKING Finesse.
 37139 | Vaults:2 | 37139 ||| Stepping ~*~*~tactically~*~*~ (stealth).
 37141 | Vaults:2 | 37141 ||| Stepping ~*~*~tactically~*~*~ (stealth).
 37152 | Vaults:2 | 37152 ||| INVOKING Heroism.
 37195 | Vaults:2 | 37195 ||| Stepping ~*~*~tactically~*~*~ (stealth).
 37197 | Vaults:2 | 37197 ||| Stepping ~*~*~tactically~*~*~ (hiding).
 37207 | Vaults:2 | 37207 ||| INVOKING Heroism.
 37291 | Vaults:2 | Reached skill level 20 in Armour
 37332 | Vaults:2 | 37332 ||| Stepping ~*~*~tactically~*~*~ (stealth).
 37336 | Vaults:2 | 37336 ||| INVOKING Heroism.
 37545 | Vaults:2 | 37545 ||| UPGRADING to +1 pair of gloves of the Scribe
                  | {rPois rF+ rN+}.
 37548 | Vaults:2 | 37548 ||| INVOKING Heroism.
 37549 | Vaults:2 | 37549 ||| INVOKING Finesse.
 37561 | Vaults:2 | Reached XP level 20. HP: 118/132 MP: 20/27
 37602 | Vaults:2 | 37602 ||| UPGRADING to +1 pair of gloves of the Scribe
                  | {rPois rF+ rN+}.
 37612 | Vaults:2 | 37612 ||| UPGRADING to +0 tower shield.
 37622 | Vaults:2 | 37622 ||| DROPPING +0 kite shield "Iroyxainoroo" {Int+3
                  | Dex+5}.
 37627 | Vaults:2 | 37627 ||| Stepping ~*~*~tactically~*~*~ (hiding).
 37932 | Vaults:2 | 37932 ||| DROPPING ring of willpower.
 38291 | Vaults:3 | 38291 ||| INVOKING Heroism.
 38442 | Vaults:3 | 38442 ||| Stepping ~*~*~tactically~*~*~ (stealth).
 38464 | Vaults:3 | Found Gacyil's Antique Weapon Emporium.
 38544 | Vaults:3 | 38544 ||| INVOKING Heroism.
 38546 | Vaults:3 | 38546 ||| Stepping ~*~*~tactically~*~*~ (hiding).
 38567 | Vaults:3 | 38567 ||| INVOKING Heroism.
 38729 | Vaults:3 | 38729 ||| Stepping ~*~*~tactically~*~*~ (hiding).
 38872 | Vaults:4 | 38872 ||| STAIRDANCE
 38887 | Vaults:4 | 38887 ||| STAIRDANCE
 39110 | Vaults:4 | 39110 ||| INVOKING Heroism.
 39141 | Vaults:4 | HP: 20/132 [crystal guardian/crystal bolt[a peacekeeper]
                  | (30)]
 39142 | Vaults:4 | 39142 ||| READING 11 scrolls of teleportation.
 39143 | Vaults:4 | 39143 ||| DRINKING 12 potions of heal wounds.
 39143 | Vaults:4 | HP: 8/132 [crystal guardian[a peacekeeper] (31)]
 39144 | Vaults:4 | 39144 ||| DRINKING 11 potions of heal wounds.
 39145 | Vaults:4 | 39145 ||| DRINKING 10 potions of heal wounds.
 39446 | Vaults:4 | 39446 ||| INVOKING Heroism.
 39552 | Vaults:4 | 39552 ||| Stepping ~*~*~tactically~*~*~ (stealth).
 39553 | Vaults:4 | 39553 ||| Stepping ~*~*~tactically~*~*~ (stealth).
 39554 | Vaults:4 | 39554 ||| Stepping ~*~*~tactically~*~*~ (stealth).
 39609 | Vaults:4 | 39609 ||| Stepping ~*~*~tactically~*~*~ (hiding).
 39612 | Vaults:4 | 39612 ||| INVOKING Heroism.
 39835 | Vaults:4 | 39835 ||| Stepping ~*~*~tactically~*~*~ (stealth).
 39837 | Vaults:4 | 39837 ||| Stepping ~*~*~tactically~*~*~ (stealth).
 39900 | Vaults:4 | 39900 ||| Stepping ~*~*~tactically~*~*~ (stealth).
 39902 | Vaults:4 | 39902 ||| INVOKING Heroism.
 39918 | Vaults:4 | Received a gift from Okawaru
 39928 | Vaults:4 | 39928 ||| Stepping ~*~*~tactically~*~*~ (hiding).
 40022 | Vaults:4 | 40022 ||| INVOKING Heroism.
 40071 | Vaults:4 | 40071 ||| DROPPING amulet of regeneration.
 40081 | Vaults:4 | 40081 ||| INVOKING Heroism.
 40242 | Vaults:4 | 40242 ||| INVOKING Heroism.
 40255 | Vaults:4 | Reached skill level 18 in Shields
 40563 | Vaults:4 | 40563 ||| Stepping ~*~*~tactically~*~*~ (stealth).
 40565 | Vaults:4 | 40565 ||| Stepping ~*~*~tactically~*~*~ (stealth).
 40581 | Vaults:4 | Received a gift from Okawaru
 40584 | Vaults:4 | 40584 ||| INVOKING Heroism.
 40866 | Vaults:4 | 40866 ||| PLANNING SWAMP:4
 40866 | Vaults:4 | 40866 ||| UPGRADING to amulet of reflection.
 40876 | Vaults:4 | 40876 ||| DROPPING amulet of the acrobat.
 41167 | Swamp:4  | Entered Level 4 of the Swamp
 41168 | Swamp:4  | 41168 ||| Stepping ~*~*~tactically~*~*~ (hiding).
 41170 | Swamp:4  | 41170 ||| Stepping ~*~*~tactically~*~*~ (hiding).
 41176 | Swamp:4  | 41176 ||| INVOKING Heroism.
 41181 | Swamp:4  | 41181 ||| Stepping ~*~*~tactically~*~*~ (hiding).
 41216 | Swamp:4  | 41216 ||| FLEEEEING.
 41217 | Swamp:4  | 41217 ||| FLEEEEING.
 41218 | Swamp:4  | 41218 ||| FLEEEEING.
 41220 | Swamp:4  | 41220 ||| FLEEEEING.
 41221 | Swamp:4  | 41221 ||| STAIRDANCE
 41520 | Swamp:4  | 41520 ||| STAIRDANCE
 41615 | Swamp:4  | 41615 ||| Stepping ~*~*~tactically~*~*~ (hiding).
 41617 | Swamp:4  | 41617 ||| Stepping ~*~*~tactically~*~*~ (hiding).
 41627 | Swamp:4  | 41627 ||| Stepping ~*~*~tactically~*~*~ (stealth).
 41628 | Swamp:4  | 41628 ||| Stepping ~*~*~tactically~*~*~ (cloud).
 41632 | Swamp:4  | 41632 ||| Stepping ~*~*~tactically~*~*~ (cloud).
 41635 | Swamp:4  | 41635 ||| INVOKING Heroism.
 41644 | Swamp:4  | 41644 ||| Stepping ~*~*~tactically~*~*~ (hiding).
 41646 | Swamp:4  | Noticed the 27-headed Lernaean hydra
 41647 | Swamp:4  | Identified the +1 robe of Hezxuph {rElec rCorr Str+4}
                  | (Okawaru gifted it to you on level 4 of the Swamp)
 41647 | Swamp:4  | Received a gift from Okawaru
 41648 | Swamp:4  | 41648 ||| Stepping ~*~*~tactically~*~*~ (hiding).
 41665 | Swamp:4  | Killed the 26-headed Lernaean hydra
 41671 | Swamp:4  | HP: 31/132 [11-headed hydra (7)]
 41672 | Swamp:4  | 41672 ||| READING 11 scrolls of teleportation.
 41673 | Swamp:4  | 41673 ||| DRINKING 9 potions of heal wounds.
 41681 | Swamp:4  | HP: 30/132 [bog body/bolt of cold (20)]
 41681 | Swamp:4  | HP: 13/132 [12-headed hydra (8)]
 41682 | Swamp:4  | 41682 ||| READING 10 scrolls of teleportation.
 41682 | Swamp:4  | Slain by a 12-headed hydra

Levels and vault maps discovered:
D:1:      evilmike_arrival_crescent, layout_basic, basic_ecumenical_altar,
          serial_shops, shop, minmay_pentomino_w2
D:2:      layout_loops_ring, patterned_corridor, uniq_natasha
D:3:      layout_loops_ring, gammafunk_temple_overflow_wave, st_stairs_7,
          minmay_hedge_maze
D:4:      layout_basic, gammafunk_ghost_necromancy, uniq_blork_the_orc
D:5:      layout_cave_pools, mainiacjoe_overflow_alcove_1, slow_altar_1,
          mainiacjoe_overflow_alcove_2, minmay_temple_entry_poolview,
          uniq_grinder, uniq_menkaure, uniq_duvessa, uniq_pikel
D:6:      layout_loops_ring, mainiacjoe_overflow_boulevard
D:7:      layout_cave_pools, grunt_ministairs_2, uniq_crazy_yiuf_cottage
D:8:      layout_cave_pods, nicolae_tso_besieged_by_evil, kennysheep_mini,
          chequers_serial_rivers_small_a, uniq_grum, uniq_erica, uniq_joseph,
          uniq_amaemon
D:9:      layout_irregular_city, erik_lair_island, serial_ice, serial_ice_n,
          serial_ice_l, serial_ice_g, serial_ice_e,
          hangedman_abyss_or_decor_passed, uniq_maurice
D:10:     layout_gridville, mainiacjoe_overflow_cross_hatched,
          mainiacjoe_overflow_surrounded_room, mainiacjoe_overflow_catwalk,
          nicolae_overflow_crystal_walls, minivault_7, uniq_fannar
D:11:     layout_irregular_city, orc_david_3
D:12:     layout_stronghold, moated_statue, hangedman_decor_clover_reticule,
          billiards_dpeg, uniq_lodul
D:13:     layout_gridville, serial_shops, nicolae_shop_bloodbath_and_beyond,
          minivault_25
D:14:     layout_cave_pods, lightli_vaults_fourway_checkpoint,
          chequers_serial_rivers_micro_d, makhleb_altar_promises_db
D:15:     gammafunk_depths_entry_grave, layout_long_grid,
          chequers_serial_rivers_micro_d
Temple:   chequers_temple_sunken
Lair:1:   layout_long_grid, uniq_maggie
Lair:2:   layout_hall_layers, nicolae_swamp_entry_splash_gauntlet,
          hellmonk_spider_entry_life_and_decay, portal_ice_cave_entry_pillars_1
Lair:3:   layout_hall_layers, serial_bayou_shore_a
Lair:4:   layout_cave_pods, enter_volcano_4
Lair:5:   minmay_lair_end_enchanted_forest, layout_regular_city, slime_entry_1,
          nzn_masters_of_martial_movement, serial_bayou_shore_b,
          grunt_megastairs_5
Swamp:1:  layout_basic_swamp, hangedman_swamp_ruin_hall
Swamp:2:  layout_basic_swamp, ebering_ghost_rock_garden,
          nicolae_swamp_orc_logging_accident
Swamp:3:  layout_basic_swamp, hangedman_swamp_diagram, swamp_pool1,
          uniq_bai_suzhen
Swamp:4:  grunt_swamp_rune_castle, layout_basic_swamp, swamp_pool5,
          nicolae_swamp_little_tower, infiniplex_staircase_pool
Spider:1: layout_spider_delve
Spider:2: layout_spider_delve, nicolae_spider_some_kinda_spiderbox,
          uniq_roxanne, uniq_agnes, uniq_aizul
Spider:3: nicolae_spider_hilbert_zone_3 [nicolae_spider_hilbert_4_sides_2_open,
          nicolae_spider_hilbert_3_sides_1_open,
          nicolae_spider_hilbert_3_sides_1_open,
          nicolae_spider_hilbert_3_sides_1_open,
          nicolae_spider_hilbert_3_sides_1_open,
          nicolae_spider_hilbert_4_sides_1_open,
          nicolae_spider_hilbert_4_sides_1_open,
          nicolae_spider_hilbert_4_sides_1_open,
          nicolae_spider_hilbert_4_sides_1_open,
          nicolae_spider_hilbert_4_sides_1_open,
          nicolae_spider_hilbert_4_sides_1_open,
          nicolae_spider_hilbert_4_sides_1_open,
          nicolae_spider_hilbert_4_sides_1_open,
          nicolae_spider_hilbert_3_sides_1_open,
          nicolae_spider_hilbert_3_sides_1_open,
          nicolae_spider_hilbert_3_sides_1_open,
          nicolae_spider_hilbert_3_sides_1_open], drop_trap,
          nicolae_spider_webbed_stairs
Spider:4: hellmonk_spider_rune_bug_friends, ebering_ghost_rock_garden
Orc:1:    layout_diamond_mine, serial_shops, shop,
          nicolae_shop_overgrown_old_shop, nicolae_shop_advertising_works
          [nicolae_subvault_shop_adworks], shop, nicolae_lakefront_shop,
          uniq_josephine, uniq_jorgrun
Orc:2:    grunt_orc_community_town_hall, layout_caves,
          grunt_orc_community_big_house_2, grunt_orc_community_big_house_1,
          grunt_orc_community_house_3, grunt_orc_community_house_2,
          grunt_orc_community_house_3, grunt_orc_community_house_2,
          grunt_orc_community_house_3, serial_shops,
          nicolae_shop_overgrown_old_shop, basic_altar, uniq_azrael
Vaults:1: vaults_mumra_lcd, nicolae_vaults_three_branches, v_misc_16,
          hangedman_vaults_corner, vaults_dpeg_diagonal,
          nicolae_vaults_little_squares_1, ontoclasm_vaults_gateway, v_misc_4,
          hangedman_vaults_pinch, hangedman_vaults_impose,
          vaults_standard_mumra_enter_the_diamond, hangedman_vaults_maws,
          layout_vaults_ring
Vaults:2: vaults_room_guarded_vault, hangedman_vaults_locks,
          minmay_crypt_entry_skeletal_spiral, v_misc_3, v_misc_31,
          nicolae_vaults_big_angled_halls, nicolae_vaults_little_squares_6,
          hangedman_vaults_stitches, ontoclasm_vaults_misaligned, v_pattern_2,
          ontoclasm_vaults_hangar, hangedman_vaults_impose,
          vaults_mumra_chevron_long, nicolae_vaults_sealed_display,
          vaults_dpeg_ring, layout_vaults_maze_bifur
Vaults:3: v_misc_23, vaults_room_ringed_pool, vaults_room_door_hall, v_misc_1,
          hangedman_vaults_nails, v_alt_pattern_4,
          nicolae_vaults_diagonal_hallway_7, hangedman_vaults_slither,
          v_rooms_3, ontoclasm_vaults_bender, nicolae_vaults_alarming,
          ontoclasm_vaults_decontamination, nicolae_vaults_diagonal_hallway_8,
          v_misc_14, layout_vaults_omnibox, serial_shops, bzr_entry_safe,
          shop_fountains, uniq_margery
Vaults:4: vaults_room_door_hall, vaults_room_pool,
          nicolae_vaults_windows_and_doors_thing, vaults_room_semicircle,
          hangedman_vaults_capsules, nicolae_vaults_little_squares_6,
          nicolae_vaults_diagonal_hallway_7, serial_ice_g,
          layout_vaults_omnicross

Skill      XL: |  1  2  3  4  5  6  7  8  9 10 11 12 13 14 15 16 17 18 19 20 |
---------------+-------------------------------------------------------------+-----
Axes           | 2 3 4 5 7 8 9 10 11 13 15 16 18 | 18.0
Throwing       | 1 2 3 4 5 7 8 9 |  9.0
Fighting       | 4 5 6 7 8 9 10 11 12 13 15 16 | 16.3
Dodging        | 1 2 3 4 5 |  5.0
Armour         | 4 6 7 8 9 10 11 12 13 16 18 20 | 20.0
Shields        | 4 5 6 10 11 12 13 14 15 18 | 18.7
Invocations    | 4 7 10 | 10.0

Action                   |  1- 3 |  4- 6 |  7- 9 | 10-12 | 13-15 | 16-18 | 19-21 || total
-------------------------+-------+-------+-------+-------+-------+-------+-------++-------
Melee: War axe           |    88 |    43 |       |       |     6 |    71 |       ||   208
       Broad axe         |       |    65 |   132 |   406 |  1080 |  1401 |  1060 ||  4144
       Demon whip        |       |       |       |    19 |    19 |       |       ||    38
Throw: Javelin           |    15 |    25 |     8 |    39 |    49 |    91 |    75 ||   302
       Boomerang         |       |     1 |    47 |    31 |   194 |   168 |     8 ||   449
Invok: Heroism           |       |       |     4 |    32 |    42 |    45 |    27 ||   150
       Finesse           |       |       |       |     1 |    18 |    17 |     6 ||    42
  Use: Scroll            |     2 |    11 |     3 |     8 |     8 |     3 |     3 ||    38
       Potion            |       |     3 |       |       |     2 |     3 |     4 ||    12
 Stab: Distracted        |       |       |       |       |       |     1 |       ||     1
       Held in net/web   |       |       |       |       |       |     1 |       ||     1
Armor: Scale mail        |    42 |    15 |       |       |       |       |       ||    57
       Chain mail        |       |    12 |    29 |       |       |       |       ||    41
       Plate armour      |       |       |     1 |   155 |   226 |   169 |       ||   551
       Crystal plate arm |       |       |       |       |       |   350 |   561 ||   911
Dodge: Dodged            |    49 |    50 |    52 |   160 |   271 |   415 |   315 ||  1312
Block: Buckler           |    11 |    13 |    17 |    44 |       |       |       ||    85
       Kite shield       |       |       |       |    55 |   346 |   583 |   167 ||  1151
       Tower shield      |       |       |       |       |       |       |   451 ||   451

Table legend:
 A = Non-vault XP
 B = Vault XP
 C = Vault XP percentage of total XP
 D = Non-vault monster count
 E = Vault monster count
 F = Vault count percentage of total count
                 A         B        C        D         E       F
            +---------+---------+-------+---------+---------+-------
      Total |  286949 |  187962 |  39.6 |     799 |     450 |  36.0
            +---------+---------+-------+---------+---------+-------
        D:1 |      20 |       3 |  13.0 |      14 |       2 |  12.5
        D:2 |      51 |      35 |  40.7 |      24 |       1 |   4.0
        D:3 |      44 |       4 |   8.3 |      10 |       2 |  16.7
        D:4 |     209 |      94 |  31.0 |      17 |       1 |   5.6
        D:5 |     498 |    1327 |  72.7 |      13 |       6 |  31.6
        D:6 |     768 |       0 |   0.0 |       6 |       0 |   0.0
        D:7 |    1123 |     709 |  38.7 |      14 |      10 |  41.7
        D:8 |     654 |    3765 |  85.2 |      17 |      28 |  62.2
        D:9 |    2538 |    1415 |  35.8 |      33 |       9 |  21.4
       D:10 |    2350 |    2253 |  48.9 |      16 |      19 |  54.3
       D:11 |    3869 |     422 |   9.8 |      16 |       7 |  30.4
       D:12 |    4617 |    3008 |  39.4 |      18 |      11 |  37.9
       D:13 |    3060 |       0 |   0.0 |      12 |       0 |   0.0
       D:14 |    3082 |    7472 |  70.8 |       6 |      12 |  66.7
       D:15 |   10152 |    4636 |  31.3 |      19 |       8 |  29.6
     Lair:1 |    1606 |     365 |  18.5 |       6 |       1 |  14.3
     Lair:2 |    4559 |    2089 |  31.4 |      20 |       9 |  31.0
     Lair:3 |    8356 |       0 |   0.0 |      30 |       0 |   0.0
     Lair:4 |    3645 |    3242 |  47.1 |      13 |       4 |  23.5
     Lair:5 |   10920 |   12855 |  54.1 |      36 |      51 |  58.6
    Swamp:1 |    7767 |       0 |   0.0 |      16 |       0 |   0.0
    Swamp:2 |   14153 |       0 |   0.0 |      25 |       0 |   0.0
    Swamp:3 |   12011 |    2798 |  18.9 |      27 |       1 |   3.6
    Swamp:4 |     564 |   13841 |  96.1 |       1 |      20 |  95.2
   Spider:1 |   16197 |     969 |   5.6 |      43 |       1 |   2.3
   Spider:2 |   16727 |    8280 |  33.1 |      53 |      11 |  17.2
   Spider:3 |   18263 |    4826 |  20.9 |      44 |      14 |  24.1
   Spider:4 |   11029 |   19116 |  63.4 |      23 |      23 |  50.0
      Orc:1 |    2866 |    3500 |  55.0 |      25 |       5 |  16.7
      Orc:2 |    1663 |    8776 |  84.1 |      25 |      74 |  74.7
   Vaults:1 |   19725 |   17520 |  47.0 |      36 |      24 |  40.0
   Vaults:2 |   40636 |   33222 |  45.0 |      51 |      52 |  50.5
   Vaults:3 |   41388 |   16447 |  28.4 |      59 |      24 |  28.9
   Vaults:4 |   21839 |   14973 |  40.7 |      31 |      20 |  39.2
            +---------+---------+-------+---------+---------+-------
